 Dungeon Crawl Stone Soup version 0.31-a0-182-gc5ef74bbde (webtiles) character file.

Game seed: 2581172149137444104

316712 qw the Peltast (level 21, -5/141 HPs)
             Began as a Gargoyle Fighter on June 21, 2023.
             Was an Elder of Okawaru.
             Slain by a 13-headed hydra (10 damage)
             ... on level 4 of the Swamp.
             The game lasted 00:27:58 (43811 turns).

qw the Peltast (Gargoyle Fighter)                  Turns: 43811, Time: 00:27:58

Health: -5/141     AC: 52    Str: 39    XL:     21   Next: 77%
Magic:  18/19      EV: 13    Int:  9    God:    Okawaru [****..]
Gold:   1447       SH: 30    Dex: 12    Spells: 20/20 levels left

rFire   + . .        j - +3 broad axe (chaos)
rCold   + . .        r - +2 tower shield
rNeg    + . .        w - +2 plate armour {rF+}
rPois   inf          c - +2 helmet
rElec   +            b - +2 cloak
rCorr   .            M - +1 pair of gloves of Ujeujoes {rF+ Str+2}
SInv    .            L - +1 pair of boots
Will    ++++.        f - amulet of reflection Stlth
                     D - ring of Sloth {Ice rPois Will+++ MP-9 Dex+3}
HPRegen 0.43/turn    n - +6 ring of strength
MPRegen 0.16/turn

%: reflection
@: about to teleport, heroic, flying
A: sickness immunity, AC +16, big wings, negative energy resistance 1,
electricity resistance, torment resistance 1, petrification resistance
}: 1/15 runes: serpentine
a: Renounce Religion, Heroism, Finesse


You were on level 4 of the Swamp.
You worshipped Okawaru.
Okawaru was greatly pleased with you.
You visited 6 branches of the dungeon, and saw 34 of its levels.
You also visited: Sewer.

You collected 4223 gold pieces.
You spent 2776 gold pieces at shops.


Innate Abilities, Weirdness & Mutations

You are immune to sickness and miasma.
Your stone body is resilient. (AC +16)
You are immune to poison.
Your large and strong wings let you fly.
You resist negative energy. (rN+)
You are resistant to electric shocks. (rElec)
You are resistant to unholy torment.
You are immune to petrification.


   Skills:
 - Level 18.0(23.0) Fighting
 - Level 18.0(23.0) Axes
 - Level 10.0(15.0) Throwing
 - Level 17.0(22.0) Armour
 - Level 6.0(11.0) Dodging
 + Level 19.7(24.7) Shields
 - Level 10.0 Invocations


You had 20 spell levels left.
You didn't know any spells.
Your spell library was empty.

Inventory:

Hand Weapons
 j - a +3 broad axe of chaos (weapon)
 y - a +0 broad axe
Missiles
 h - 18 boomerangs
 l - 5 javelins (quivered)
 o - 2 silver javelins
Armour
 b - a +2 cloak (worn)
 c - a +2 helmet (worn)
 p - a +3 plate armour of cold resistance
 r - a +2 tower shield (worn)
 s - the scarf of the Scribe {rC+ rF+, Harm Dex+5}
   (Okawaru gifted it to you on level 12 of the Dungeon)

   Dex:       It affects your dexterity (+5).
   Harm:      It increases damage dealt and taken.
 w - a +2 plate armour of fire resistance (worn)
 G - the +0 scale mail "Elep" {rElec rCorr Int+2 Dex+3}
   (You bought it in a shop on level 1 of the Vaults)

   Int:       It affects your intelligence (+2).
   Dex:       It affects your dexterity (+3).
   rElec:     It insulates you from electricity.
   rCorr:     It protects you from acid and corrosion.
 I - a +4 plate armour
 L - a +1 pair of boots (worn)
 M - the +1 pair of gloves of Ujeujoes (worn) {rF+ Str+2}
   (You bought it in a shop on level 1 of the Vaults)

   Str:       It affects your strength (+2).
   rF:        It protects you from fire.
Jewellery
 f - an amulet of reflection (around neck)
 k - a ring of protection from fire
 n - a +6 ring of strength (right hand)
 x - a ring of resist corrosion
 B - a ring of protection from cold
 D - the ring of Sloth (left hand) {Ice rPois Will+++ MP-9 Dex+3}
   (You found it on level 11 of the Dungeon)

   [ring of ice]

   It enhances your ice magic.
   Dex:       It affects your dexterity (+3).
   rF:        It makes you vulnerable to fire.
   rC:        It protects you from cold.
   rPois:     It protects you from poison.
   MP:        It affects your magic capacity (-9).
   Will:      It greatly increases your willpower.
 E - a ring of protection from fire
 F - the ring of Sivvea {rCorr Int+3}
   (You found it on level 12 of the Dungeon)

   [ring of resist corrosion]

   Int:       It affects your intelligence (+3).
   rCorr:     It protects you from acid and corrosion.
 Y - a +4 ring of slaying {mikee}
Wands
 q - a wand of digging (18)
Scrolls
 v - 23 scrolls of identify
 C - 10 scrolls of teleportation
Potions
 a - 2 potions of resistance
 d - 4 potions of might
 e - 10 potions of haste
 g - 8 potions of enlightenment
 i - 9 potions of mutation
 m - 23 potions of curing
 u - 2 potions of cancellation
 z - 2 potions of magic
 A - 6 potions of lignification
 H - 5 potions of attraction
 N - 2 potions of heal wounds

Dungeon Overview and Level Annotations

Branches:
Dungeon (15/15)            Temple (0/1) D:7            Lair (5/5) D:10
  Swamp (4/4) Lair:2        Snake (4/4) Lair:2        Slime (0/5) Lair:4
    Orc (2/2) D:11            Elf (0/3) Orc:2        Vaults (4/5) D:14
  Crypt (0/3) Vaults:3     Depths (0/4) D:15          Sewer (visited)

Altars:
Ashenzari
Cheibriados
Dithmenos
Hepliaklqana
Kikubaaqudgha
Makhleb
Nemelex Xobeh
Okawaru
Trog
Wu Jian
Jiyva
Lugonu

Shops:
D:15 *   Orc:2 (:!*   Snake:3 (   Snake:4 [   Vaults:1 *[   Vaults:2 !
Vaults:3 *

Portals:
Abyss: Lair:5

Annotations:
D:5 1 runed translucent door, Crazy Yiuf
D:9 3 runed translucent doors, qw's ghost, novice MiHu
D:10 3 runed translucent doors, qw's ghost, journeyman NaHu
D:12 3 runed translucent doors, Xeikkuus's ghost, journeyman MiFi
D:13 3 runed translucent doors, Iplucs's ghost, journeyman FeBe
Lair:3 2 transporters, qw's ghost, journeyman GrFi
Lair:5 2 transporters, qw's ghost, journeyman GrHu
Swamp:4 Lernaean hydra; Mara
Orc:1 3 runed translucent doors, duckroller's ghost, journeyman HOMo; kazak's ghost, journeyman OpFE; sand's ghost, journeyman HOFi
Vaults:1 1 runed translucent door, qw's ghost, adept GrFi
Vaults:2 3 runed translucent doors, qw's ghost, adept GrFi


Message History

The 26-headed Lernaean hydra bites you but does no damage.
The 26-headed Lernaean hydra barely misses you.
The 26-headed Lernaean hydra bites you.
The 26-headed Lernaean hydra bites you but does no damage.
The 13-headed hydra bites you but does no damage.
The 13-headed hydra barely misses you.
The 13-headed hydra bites you but does no damage.
The 13-headed hydra closely misses you.
The 13-headed hydra bites you but does no damage.
The 13-headed hydra closely misses you. The 13-headed hydra bites you.
The 13-headed hydra bites you but does no damage.
The 13-headed hydra bites you!
The 13-headed hydra bites you but does no damage. x4
43811 ||| READING 11 scrolls of teleportation.
As you read the scroll of teleportation, it crumbles to dust.
You feel strangely unstable.
The spriggan rider dies!
The hornet dies!
You hear a splash.
You block the 13-headed hydra's attack. x2
The 13-headed hydra closely misses you.
The 13-headed hydra bites you but does no damage.
The 13-headed hydra bites you.
The 13-headed hydra bites you but does no damage.
You block the 13-headed hydra's attack.
The 13-headed hydra bites you but does no damage. x2
You block the 13-headed hydra's attack. The 13-headed hydra bites you!
The 13-headed hydra barely misses you. The 13-headed hydra misses you.
A four-headed hydra comes into view.
You block the four-headed hydra's attack. x2
The four-headed hydra completely misses you.
The four-headed hydra bites you but does no damage.
The swamp dragon misses you. The swamp dragon barely misses you. x2
The 13-headed hydra bites you but does no damage.
The 13-headed hydra misses you. The 13-headed hydra closely misses you.
You block the 13-headed hydra's attack. The 13-headed hydra misses you.
The 13-headed hydra bites you but does no damage.
The 13-headed hydra barely misses you.
The 13-headed hydra bites you but does no damage. x3
The 13-headed hydra closely misses you. The 13-headed hydra bites you!
You die... 777777777 77.~~~...77 7777

7.~~~~~~.~7777~.77 7
77.#~~.....~77.~~.7777
7.~~~~~.~~.7~~~~~~77..
7~~~~~~~~~.7~~~~...¤.~
77.00.~0..~.~~~...~~~~
77.D.~~7~.~~....~~~~¤
777@DRR.~~.7...~~¤~~
77~DDDR~¤~.~7~.~~~~~~
7~~DD000~~.~7~~~~.¤~~
7~~~D.00~.~777~~77~77
77~~.~......77~..~~..
7~t~.~~..~.777...~..
77..~~¤7~...7~....77
77D.~7..77~~..~~~~..
77~7777~77777[~~~~¤~~


You could see the 26-headed Lernaean hydra, 3 Maras, 2 13-headed hydras, an
eight-headed hydra, a five-headed hydra, 2 four-headed hydras, 2 swamp dragons
and a ghost crab.

Vanquished Creatures
  Boris (Vaults:3)
  Bai Suzhen (Snake:4)
  Jory (Vaults:3)
  Zenata (Vaults:3)
  Rupert (Lair:3)
  Asterion (Vaults:3)
  2 sphinxes
  2 thorn hunters
  6 nagarajas
  3 fire giants
  A fenstrider witch (Swamp:3)
  A frost giant (D:11)
  Louise (Snake:4)
  12 vault wardens
  Aizul (Swamp:4)
  3 orc warlords
  11 ironbound preservers
  A very ugly thing (D:15)
  A stone giant (Vaults:1)
  A formless jellyfish (Vaults:1)
  A vampire knight (Vaults:3)
  12 ironbound thunderhulks
  An eleionoma (Swamp:2)
  A deep elf demonologist (Vaults:3)
  4 dire elephants
  3 bunyips
  2 ettins
  2 crystal guardians (Vaults:3)
  Josephine (D:13)
  9 great orbs of eyes
  9 yaktaur captains
  Fannar (Lair:2)
  A salamander tyrant (Snake:3)
  16 hydras
  3 vault guards
  14 anacondas
  A peacekeeper (Vaults:3)
  An ogre mage (D:11)
  17 centaur warriors
  14 alligators
  3 boulder beetles
  10 ironbound frosthearts
  A tengu warrior (D:14)
  2 catoblepae
  13 two-headed ogres
  3 death yaks (Lair:5)
  6 naga warriors (Snake:4)
  A shock serpent (shapeshifter) (Lair:5)
  5 shock serpents
  3 thrashing horrors (Lair:5)
  5 orc high priests (Orc:2)
  10 naga sharpshooters
  5 skeletal warriors (D:15)
  8 large abominations
  A death drake (Swamp:1)
  A goliath frog (Swamp:1)
  A glowing orange brain (Vaults:2)
  A salamander mystic (Snake:4)
  4 swamp dragons
  8 naga ritualists
  A spriggan druid (Swamp:4)
  A bog body (Swamp:2)
  25 deep trolls
  A deep troll (shapeshifter) (D:14)
  Pikel (D:8)
  9 lindwurms
  14 ironbound convokers
  11 orc knights
  11 mana vipers
  5 orc sorcerers (Orc:2)
  2 deep elf pyromancers
  7 wizards
  A wolf spider (shapeshifter) (Vaults:3)
  17 cyclopes
  A deep elf zephyrmancer (D:14)
  7 manticores
  22 ugly things
  A cyclops (shapeshifter) (D:14)
  6 salamanders
  3 will-o-the-wisps
  A centaur zombie (D:13)
  14 vault sentinels
  8 guardian serpents
  2 gargoyles
  3 smoke demons (Lair:5)
  11 cane toads
  38 black mambas
  13 naga magi
  An unseen horror (D:12)
  2 centaur skeletons (D:13)
  3 rime drakes
  2 efreet (D:14)
  4 kobold demonologists
  4 freezing wraiths
  2 torpor snails
  32 yaktaurs
  A tengu conjurer (D:14)
  9 komodo dragons
  An ancient zyme (Lair:5)
  3 meliai (D:14)
  4 polar bears
  9 tyrant leeches
  7 trolls
  A wind drake (shapeshifter) (D:14)
  A wolf spider simulacrum (D:13)
  11 hornets
  Grinder (D:5)
  A meliai (shapeshifter) (Vaults:3)
  19 blink frogs
  3 shadows
  20 slime creatures
  6 vampires
  4 wraiths
  51 yaks
  2 centaur simulacra
  11 spriggans
  4 wyverns
  5 basilisks
  A fire bat (shapeshifter) (D:15)
  2 chaos spawn (Lair:5)
  14 vampire mosquitoes
  9 wargs
  20 swamp worms
  42 nagas
  2 acid dragons
  A harpy simulacrum (D:15)
  9 water moccasins
  17 small abominations
  A meliai simulacrum (D:15)
  7 swamp drakes
  52 orc warriors
  2 sky beasts (D:7)
  2 black bears
  An ice beast (D:15)
  15 ogres
  11 wolves
  A lemure (D:8)
  14 centaurs
  14 bullfrogs
  2 kobold brigands
  A gnoll sergeant (D:12)
  5 scorpions
  4 wights (D:8)
  A hornet simulacrum (D:14)
  18 killer bees
  5 howler monkeys
  7 electric eels
  2 gnoll boudas
  2 hounds (D:7)
  2 jellies
  35 orc priests
  13 iguanas
  2 sleepcaps (D:5)
  Natasha (twice) (D:4)
  18 orc wizards
  12 gnolls
  12 adders
  5 river rats
  5 shadow imps
  6 white imps
  3 ufetubi
  5 worms
  5 dart slugs
  117 orcs
  10 ball pythons
  13 endoplasms
  8 giant cockroaches
  6 goblins
  8 hobgoblins
  15 jackals
  15 kobolds
  8 quokkas
  9 bats
  2 frilled lizards
  3 rats (D:2)
  A spectral weapon (Vaults:3)
1340 creatures vanquished.

Vanquished Creatures (others)
  A yaktaur captain (Vaults:3)
  A naga warrior (Snake:3)
  A spriggan (Swamp:4)
  Sonja (Lair:2)
  A glowing orange brain (Vaults:3)
  A wizard (D:14)
  An orc knight (Vaults:3)
  A lindwurm (Vaults:1)
  A black mamba (Snake:1)
  A yaktaur (Vaults:3)
  A centaur skeleton (D:13)
  A bloated husk (Swamp:2)
  A hornet (Swamp:4)
  A shadow (D:11)
  2 nagas (Snake:4)
  A swamp worm (Swamp:3)
  A swamp drake (Swamp:4)
  2 orc warriors (Orc:2)
  10 foxfires
30 creatures vanquished.

Grand Total: 1370 creatures vanquished

Notes
Turn   | Place    | Note
-------+----------+-------------------------------------------
     0 | D:1      | qw the Gargoyle Fighter began the quest for the Orb.
     0 | D:1      | Reached XP level 1. HP: 14/14 MP: 1/1
     0 | D:1      | 0 ||| qw: Version: 0.3-a-9-g12657ce
     0 | D:1      | 0 ||| qw: Game counter: 1518
     0 | D:1      | 0 ||| qw: Always use a shield: true
     0 | D:1      | 0 ||| qw: God list: Okawaru
     0 | D:1      | 0 ||| qw: Allow faded altars: false
     0 | D:1      | 0 ||| qw: Do Orc after D:15 true
     0 | D:1      | 0 ||| qw: Do second Lair branch before Depths: true
     0 | D:1      | 0 ||| qw: Lair rune preference: random
     0 | D:1      | 0 ||| qw: Plans: Normal, Zot:1-4, Slime:5, God:TSO, Crypt,
                  | Tomb, Abyss, Pan, Hells, Win
     0 | D:1      | 0 ||| PLANNING D:1-11
    16 | D:1      | 16 ||| Stepping ~*~*~tactically~*~*~ (stealth).
    73 | D:1      | Reached XP level 2. HP: 19/19 MP: 2/2
   307 | D:1      | 307 ||| Stepping ~*~*~tactically~*~*~ (hiding).
   321 | D:1      | Reached skill level 3 in Axes
   346 | D:1      | 346 ||| Stepping ~*~*~tactically~*~*~ (hiding).
   347 | D:1      | 347 ||| Stepping ~*~*~tactically~*~*~ (hiding).
   356 | D:1      | Reached XP level 3. HP: 21/23 MP: 3/3
   387 | D:1      | 387 ||| DROPPING +0 club.
   627 | D:1      | 627 ||| UPGRADING to +6 ring of dexterity.
   628 | D:1      | 628 ||| UPGRADING to +4 ring of slaying {mikee}.
   629 | D:1      | 629 ||| READING scroll labelled IPTEKHABITS.
   630 | D:1      | 630 ||| READING scroll labelled BUD CIUCHY.
   631 | D:1      | 631 ||| READING scroll labelled VYCYTA POPUA.
   632 | D:1      | 632 ||| READING scroll labelled OREHIGG NIWN.
   633 | D:1      | 633 ||| READING scroll labelled KUHINAVUGAT.
   651 | D:2      | 651 ||| STAIRDANCE
   968 | D:2      | 968 ||| Stepping ~*~*~tactically~*~*~ (stealth).
   987 | D:2      | Reached skill level 1 in Dodging
  1247 | D:2      | 1247 ||| UPGRADING to amulet of reflection.
  1252 | D:2      | 1252 ||| DRINKING 3 bubbling brown potions.
  1253 | D:2      | 1253 ||| DROPPING 2 potions of brilliance.
  1264 | D:3      | Reached XP level 4. HP: 28/28 MP: 4/4
  1268 | D:3      | 1268 ||| STAIRDANCE
  1655 | D:3      | Reached XP level 5. HP: 32/32 MP: 5/5
  1744 | D:3      | 1744 ||| READING 2 scrolls of enchant weapon.
  1744 | D:3      | 1744 ||| ENCHANTING +1 war axe.
  1745 | D:3      | 1745 ||| READING scroll of enchant weapon.
  1745 | D:3      | 1745 ||| ENCHANTING +2 war axe.
  1872 | D:3      | 1872 ||| Stepping ~*~*~tactically~*~*~ (stealth).
  1873 | D:3      | 1873 ||| Stepping ~*~*~tactically~*~*~ (stealth).
  1928 | D:3      | Identified the staff "Uxattif" {rPois rC+ rCorr Ice}
  2115 | D:3      | Found a sparkling altar of Nemelex Xobeh.
  2115 | D:3      | Found a hazy altar of Hepliaklqana.
  2121 | D:3      | Found a bloodstained altar of Trog.
  2123 | D:3      | Found a burning altar of Makhleb.
  2125 | D:3      | Found an ornate altar of the Wu Jian Council.
  2134 | D:3      | 2134 ||| UPGRADING to +0 pair of gloves.
  2139 | D:3      | 2139 ||| UPGRADING to ring of see invisible.
  2141 | D:3      | 2141 ||| READING scroll labelled MUTZAG DAXU.
  2142 | D:3      | 2142 ||| READING scroll labelled POBLAR UKIURHU.
  2145 | D:3      | 2145 ||| DRINKING 2 green potions.
  2146 | D:3      | 2146 ||| DRINKING 2 murky orange potions.
  2187 | D:4      | 2187 ||| STAIRDANCE
  2262 | D:4      | 2262 ||| DROPPING +2 antimagic mace.
  2669 | D:4      | Noticed Natasha
  2674 | D:4      | Killed Natasha
  2675 | D:4      | Reached XP level 6. HP: 38/38 MP: 6/6
  2789 | D:4      | Noticed Natasha
  2794 | D:4      | Killed Natasha
  3211 | D:4      | 3211 ||| READING scroll labelled ZEEGRU HUIRIWOXE.
  3262 | D:5      | Entered Level 5 of the Dungeon
  3262 | D:5      | Noticed a black bear
  3268 | D:5      | Killed a black bear
  3451 | D:5      | Noticed Grinder
  3455 | D:5      | Killed Grinder
  3456 | D:5      | Reached skill level 6 in Axes
  3456 | D:5      | Reached XP level 7. HP: 43/43 MP: 7/7
  3729 | D:5      | Found a runed translucent door.
  3730 | D:5      | Noticed Crazy Yiuf
  3899 | D:5      | 3899 ||| Stepping ~*~*~tactically~*~*~ (stealth).
  3960 | D:5      | Identified the +0 pair of gloves of the Lotus Blossom
                  | {-Tele Harm Rampage}
  3962 | D:5      | 3962 ||| DROPPING +2 heavy mace.
  3990 | D:5      | Reached skill level 1 in Throwing
  4094 | D:5      | 4094 ||| DROPPING +3 leather armour.
  4095 | D:5      | 4095 ||| DROPPING +0 pair of gloves of the Lotus Blossom
                  | {-Tele Harm Rampage}.
  4096 | D:5      | 4096 ||| DRINKING 2 smoky inky potions.
  4126 | D:6      | 4126 ||| PLANNING SEWER
  4129 | D:6      | Reached XP level 8. HP: 49/49 MP: 8/8
  4201 | D:6      | Found a snail-covered altar of Cheibriados.
  4211 | D:6      | Found an iron altar of Okawaru.
  4290 | D:6      | 4290 ||| Stepping ~*~*~tactically~*~*~ (hiding).
  4472 | D:6      | 4472 ||| Stepping ~*~*~tactically~*~*~ (stealth).
  4518 | D:6      | 4518 ||| Stepping ~*~*~tactically~*~*~ (water).
  4523 | D:6      | Reached skill level 6 in Fighting
  4549 | D:6      | Found a glowing drain.
  4550 | D:6      | 4550 ||| UPGRADING to +0 chain mail.
  4560 | D:6      | 4560 ||| DROPPING +0 scale mail.
  4561 | D:6      | 4561 ||| READING scroll labelled EVEZXU BUGHA.
  4562 | D:6      | 4562 ||| DRINKING 2 fuming golden potions.
  4571 | D:6      | 4571 ||| DROPPING potion of ambrosia.
  4575 | Sewer    | Entered a sewer
  4591 | Sewer    | 4591 ||| Stepping ~*~*~tactically~*~*~ (water).
  4655 | Sewer    | 4655 ||| Stepping ~*~*~tactically~*~*~ (water).
  4856 | Sewer    | 4856 ||| Stepping ~*~*~tactically~*~*~ (water).
  4906 | Sewer    | 4906 ||| Stepping ~*~*~tactically~*~*~ (water).
  5103 | Sewer    | 5103 ||| UPGRADING to +0 cloak.
  5108 | Sewer    | 5108 ||| READING scroll labelled TIEQIZI DITT.
  5109 | Sewer    | 5109 ||| READING scroll labelled RERRYU HAOVUMOS.
  5110 | Sewer    | 5110 ||| READING 2 scrolls labelled PALING MOJOFA.
  5111 | Sewer    | 5111 ||| READING 2 scrolls of identify.
  5111 | Sewer    | 5111 ||| IDENTIFYING glowing black potion
  5112 | Sewer    | 5112 ||| DROPPING potion of degeneration.
  5113 | Sewer    | 5113 ||| DROPPING scroll of butterflies.
  5136 | D:6      | 5136 ||| PLANNING OKAWARU WORSHIP
  5236 | D:6      | Became a worshipper of Warmaster Okawaru
  5237 | D:6      | 5237 ||| PLANNING D:1-11
  5583 | D:6      | 5583 ||| UPGRADING to +0 tower shield.
  5593 | D:6      | 5593 ||| DROPPING +0 buckler.
  5621 | D:7      | Reached XP level 9. HP: 55/55 MP: 9/9
  5630 | D:7      | Reached skill level 4 in Shields
  5648 | D:7      | 5648 ||| READING scroll of brand weapon.
  5648 | D:7      | 5648 ||| BRANDING +3 war axe of venom.
  5704 | D:7      | 5704 ||| Stepping ~*~*~tactically~*~*~ (hiding).
  5708 | D:7      | Reached skill level 5 in Shields
  5710 | D:7      | Reached * piety under Okawaru
  5737 | D:7      | 5737 ||| Stepping ~*~*~tactically~*~*~ (stealth).
  5747 | D:7      | Reached skill level 1 in Invocations
  5820 | D:7      | 5820 ||| Stepping ~*~*~tactically~*~*~ (hiding).
  5834 | D:7      | 5834 ||| Stepping ~*~*~tactically~*~*~ (stealth).
  5844 | D:7      | 5844 ||| INVOKING Heroism.
  5862 | D:7      | 5862 ||| DROPPING +0 flail.
  5899 | D:7      | Reached skill level 6 in Shields
  5918 | D:7      | Found a staircase to the Ecumenical Temple.
  5938 | D:7      | 5938 ||| Stepping ~*~*~tactically~*~*~ (hiding).
  5939 | D:7      | 5939 ||| Stepping ~*~*~tactically~*~*~ (hiding).
  5942 | D:7      | 5942 ||| Stepping ~*~*~tactically~*~*~ (stealth).
  5956 | D:7      | Reached skill level 3 in Invocations
  6189 | D:7      | Noticed a hornet
  6197 | D:7      | Killed a hornet
  6197 | D:7      | Reached ** piety under Okawaru
  6213 | D:7      | 6213 ||| Stepping ~*~*~tactically~*~*~ (stealth).
  6214 | D:7      | 6214 ||| Stepping ~*~*~tactically~*~*~ (stealth).
  6215 | D:7      | 6215 ||| Stepping ~*~*~tactically~*~*~ (stealth).
  6217 | D:7      | 6217 ||| Stepping ~*~*~tactically~*~*~ (stealth).
  6270 | D:7      | 6270 ||| Stepping ~*~*~tactically~*~*~ (hiding).
  6280 | D:7      | 6280 ||| INVOKING Heroism.
  6284 | D:7      | Reached skill level 7 in Shields
  6309 | D:7      | 6309 ||| DROPPING +1 flail of protection.
  6322 | D:7      | Found a broken altar of Ashenzari.
  6555 | D:7      | 6555 ||| UPGRADING to +0 helmet.
  6560 | D:7      | 6560 ||| READING scroll labelled NADORPH HAXYZO.
  6577 | D:8      | 6577 ||| INVOKING Heroism.
  6610 | D:8      | Noticed Pikel
  6611 | D:8      | 6611 ||| INVOKING Heroism.
  6620 | D:8      | Killed Pikel
  6621 | D:8      | Reached skill level 9 in Shields
  6621 | D:8      | Reached XP level 10. HP: 56/60 MP: 11/13
  6674 | D:8      | 6674 ||| DROPPING +0 war axe of flaming.
  6761 | D:8      | Noticed a two-headed ogre
  6762 | D:8      | 6762 ||| INVOKING Heroism.
  6768 | D:8      | Killed a two-headed ogre
  6768 | D:8      | Reached *** piety under Okawaru
  6769 | D:8      | Reached skill level 10 in Shields
  6894 | D:8      | 6894 ||| READING scroll of enchant armour.
  6894 | D:8      | 6894 ||| ENCHANTING +0 pair of gloves.
  6978 | D:8      | 6978 ||| UPGRADING to +0 plate armour.
  6988 | D:8      | 6988 ||| DROPPING +0 chain mail.
  6989 | D:8      | 6989 ||| READING scroll labelled NYRURCHYC JILUU.
  6990 | D:8      | 6990 ||| DRINKING 5 dark potions.
  6991 | D:8      | 6991 ||| READING 3 scrolls of identify.
  6991 | D:8      | 6991 ||| IDENTIFYING brown potion
  6992 | D:8      | 6992 ||| READING 2 scrolls of identify.
  6992 | D:8      | 6992 ||| IDENTIFYING viscous emerald potion
  6993 | D:8      | 6993 ||| DROPPING potion of berserk rage.
  7017 | D:9      | Noticed a manticore
  7018 | D:9      | 7018 ||| INVOKING Heroism.
  7026 | D:9      | Killed a manticore
  7027 | D:9      | Reached skill level 6 in Armour
  7132 | D:9      | Reached **** piety under Okawaru
  7133 | D:9      | Reached skill level 11 in Shields
  7170 | D:9      | 7170 ||| INVOKING Heroism.
  7186 | D:9      | Reached skill level 9 in Axes
  7198 | D:9      | 7198 ||| INVOKING Heroism.
  7328 | D:9      | Found a runed translucent gate.
  7329 | D:9      | Found a runed translucent gate.
  7329 | D:9      | Found a runed translucent gate.
  7329 | D:9      | Noticed qw's ghost (novice MiHu)
  7353 | D:9      | 7353 ||| Stepping ~*~*~tactically~*~*~ (hiding).
  7354 | D:9      | 7354 ||| Stepping ~*~*~tactically~*~*~ (hiding).
  7356 | D:9      | 7356 ||| INVOKING Heroism.
  7413 | D:9      | 7413 ||| INVOKING Heroism.
  7422 | D:9      | HP: 4/60 [orc priest/divine providence (16)]
  7423 | D:9      | 7423 ||| READING scroll of teleportation.
  7424 | D:9      | 7424 ||| DRINKING potion of heal wounds.
  7442 | D:9      | 7442 ||| INVOKING Heroism.
  7757 | D:9      | 7757 ||| INVOKING Heroism.
  7759 | D:9      | 7759 ||| Stepping ~*~*~tactically~*~*~ (stealth).
  7851 | D:9      | Noticed a centaur warrior
  7852 | D:9      | 7852 ||| INVOKING Heroism.
  7856 | D:9      | Killed a centaur warrior
  7857 | D:9      | Reached skill level 12 in Shields
  7857 | D:9      | Reached XP level 11. HP: 42/64 MP: 11/14
  8071 | D:9      | Found a viscous altar of Jiyva.
  8662 | D:10     | Entered Level 10 of the Dungeon
  8662 | D:10     | Found a runed translucent gate.
  8662 | D:10     | Found a runed translucent gate.
  8662 | D:10     | Found a runed translucent gate.
  8679 | D:10     | Noticed qw's ghost (journeyman NaHu)
  8799 | D:10     | Noticed a two-headed ogre
  8800 | D:10     | 8800 ||| INVOKING Heroism.
  8815 | D:10     | Killed a two-headed ogre
  8967 | D:10     | Found a staircase to the Lair.
  8968 | D:10     | 8968 ||| INVOKING Heroism.
  9001 | D:10     | 9001 ||| Stepping ~*~*~tactically~*~*~ (hiding).
  9036 | D:10     | 9036 ||| Stepping ~*~*~tactically~*~*~ (stealth).
  9037 | D:10     | 9037 ||| INVOKING Heroism.
  9044 | D:10     | Reached skill level 6 in Invocations
  9154 | D:10     | Found an ancient bone altar of Kikubaaqudgha.
  9244 | D:10     | Found a shadowy altar of Dithmenos.
  9383 | D:10     | 9383 ||| READING 2 scrolls of identify.
  9383 | D:10     | 9383 ||| IDENTIFYING murky white potion
  9384 | D:10     | 9384 ||| PLANNING LAIR
  9384 | D:10     | 9384 ||| DROPPING potion of invisibility.
  9418 | Lair:1   | Entered Level 1 of the Lair of Beasts
  9419 | Lair:1   | 9419 ||| INVOKING Heroism.
  9462 | Lair:1   | 9462 ||| INVOKING Heroism.
  9492 | Lair:1   | 9492 ||| INVOKING Heroism.
  9500 | Lair:1   | Noticed a four-headed hydra
  9505 | Lair:1   | 9505 ||| SWAPPING to +1 war axe of flaming.
  9510 | Lair:1   | Killed a one-headed hydra
  9511 | Lair:1   | 9511 ||| SWAPPING to +3 war axe of protection.
  9526 | Lair:1   | 9526 ||| FLEEEEING.
  9527 | Lair:1   | 9527 ||| FLEEEEING.
  9528 | Lair:1   | 9528 ||| FLEEEEING.
  9529 | Lair:1   | 9529 ||| FLEEEEING.
  9530 | Lair:1   | 9530 ||| FLEEEEING.
  9531 | Lair:1   | 9531 ||| FLEEEEING.
  9532 | Lair:1   | 9532 ||| Stepping ~*~*~tactically~*~*~ (hiding).
  9533 | Lair:1   | 9533 ||| INVOKING Heroism.
  9581 | Lair:1   | 9581 ||| Stepping ~*~*~tactically~*~*~ (stealth).
  9654 | Lair:1   | 9654 ||| INVOKING Heroism.
  9686 | Lair:1   | Reached XP level 12. HP: 68/72 MP: 18/18
  9821 | Lair:1   | Reached ***** piety under Okawaru
  9826 | Lair:1   | Reached skill level 9 in Invocations
  9864 | Lair:1   | 9864 ||| INVOKING Heroism.
  9969 | Lair:1   | 9969 ||| INVOKING Heroism.
 10270 | Lair:1   | 10270 ||| DROPPING amulet of magic regeneration.
 10271 | Lair:1   | 10271 ||| DRINKING 2 black potions.
 10303 | Lair:2   | Noticed Fannar
 10305 | Lair:2   | 10305 ||| INVOKING Heroism.
 10318 | Lair:2   | HP: 10/72 [komodo dragon (13)]
 10319 | Lair:2   | 10319 ||| READING scroll of teleportation.
 10320 | Lair:2   | 10320 ||| DRINKING potion of heal wounds.
 10324 | Lair:2   | Killed Fannar
 10325 | Lair:2   | Reached skill level 13 in Shields
 10380 | Lair:2   | 10380 ||| Stepping ~*~*~tactically~*~*~ (stealth).
 10381 | Lair:2   | 10381 ||| Stepping ~*~*~tactically~*~*~ (stealth).
 10524 | Lair:2   | 10524 ||| Stepping ~*~*~tactically~*~*~ (stealth).
 10544 | Lair:2   | Noticed Sonja
 10547 | Lair:2   | 10547 ||| INVOKING Finesse.
 10555 | Lair:2   | Killed Sonja
 10628 | Lair:2   | Noticed a catoblepas
 10629 | Lair:2   | 10629 ||| INVOKING Heroism.
 10640 | Lair:2   | Killed a catoblepas
 10676 | Lair:2   | 10676 ||| INVOKING Heroism.
 10816 | Lair:2   | Found a staircase to the Snake Pit.
 10817 | Lair:2   | 10817 ||| Stepping ~*~*~tactically~*~*~ (hiding).
 10818 | Lair:2   | 10818 ||| Stepping ~*~*~tactically~*~*~ (hiding).
 10888 | Lair:2   | 10888 ||| Stepping ~*~*~tactically~*~*~ (stealth).
 10890 | Lair:2   | 10890 ||| INVOKING Heroism.
 10972 | Lair:2   | 10972 ||| INVOKING Heroism.
 11034 | Lair:2   | 11034 ||| INVOKING Heroism.
 11107 | Lair:2   | Noticed an eight-headed hydra
 11107 | Lair:2   | Noticed an eight-headed hydra
 11108 | Lair:2   | 11108 ||| Stepping ~*~*~tactically~*~*~ (stealth).
 11110 | Lair:2   | 11110 ||| Stepping ~*~*~tactically~*~*~ (stealth).
 11112 | Lair:2   | 11112 ||| INVOKING Heroism.
 11113 | Lair:2   | 11113 ||| SWAPPING to +1 war axe of flaming.
 11119 | Lair:2   | Killed a four-headed hydra
 11123 | Lair:2   | Killed a one-headed hydra
 11124 | Lair:2   | Reached XP level 13. HP: 27/79 MP: 18/20
 11124 | Lair:2   | 11124 ||| SWAPPING to +3 war axe of protection.
 11172 | Lair:2   | 11172 ||| FLEEEEING.
 11291 | Lair:2   | 11291 ||| Stepping ~*~*~tactically~*~*~ (stealth).
 11303 | Lair:2   | Found a staircase to the Swamp.
 11513 | Lair:3   | Noticed Rupert
 11514 | Lair:3   | 11514 ||| INVOKING Heroism.
 11535 | Lair:3   | HP: 17/79 [Rupert/+1 battleaxe of pain (34)]
 11547 | Lair:3   | Killed Rupert
 11548 | Lair:3   | Reached skill level 14 in Shields
 11751 | Lair:3   | 11751 ||| READING scroll of enchant armour.
 11751 | Lair:3   | 11751 ||| ENCHANTING +1 pair of gloves.
 11857 | Lair:3   | Found a transporter.
 11907 | Lair:3   | 11907 ||| INVOKING Heroism.
 11968 | Lair:3   | Found a transporter.
 11986 | Lair:3   | Reached skill level 9 in Fighting
 12006 | Lair:3   | Found a bloodstained altar of Trog.
 12039 | Lair:3   | Received a gift from Okawaru
 12137 | Lair:3   | 12137 ||| INVOKING Heroism.
 12417 | Lair:3   | Noticed qw's ghost (journeyman GrFi)
 12609 | Lair:3   | 12609 ||| READING scroll labelled KETESUDEIM.
 12828 | Lair:4   | 12828 ||| Stepping ~*~*~tactically~*~*~ (stealth).
 12859 | Lair:4   | 12859 ||| Stepping ~*~*~tactically~*~*~ (hiding).
 12942 | Lair:4   | 12942 ||| Stepping ~*~*~tactically~*~*~ (stealth).
 12943 | Lair:4   | 12943 ||| Stepping ~*~*~tactically~*~*~ (stealth).
 13006 | Lair:4   | 13006 ||| Stepping ~*~*~tactically~*~*~ (stealth).
 13007 | Lair:4   | 13007 ||| Stepping ~*~*~tactically~*~*~ (stealth).
 13045 | Lair:4   | 13045 ||| Stepping ~*~*~tactically~*~*~ (stealth).
 13046 | Lair:4   | 13046 ||| Stepping ~*~*~tactically~*~*~ (stealth).
 13152 | Lair:4   | 13152 ||| INVOKING Heroism.
 13312 | Lair:4   | 13312 ||| Stepping ~*~*~tactically~*~*~ (hiding).
 13316 | Lair:4   | 13316 ||| INVOKING Heroism.
 13327 | Lair:4   | Reached skill level 12 in Axes
 13341 | Lair:4   | Received a gift from Okawaru
 13477 | Lair:4   | Found a staircase to the Slime Pits.
 13477 | Lair:4   | Found a viscous altar of Jiyva.
 13490 | Lair:4   | 13490 ||| Stepping ~*~*~tactically~*~*~ (hiding).
 14093 | Lair:5   | Entered Level 5 of the Lair of Beasts
 14145 | Lair:5   | Reached skill level 9 in Armour
 14145 | Lair:5   | 14145 ||| INVOKING Heroism.
 14206 | Lair:5   | 14206 ||| INVOKING Heroism.
 14261 | Lair:5   | Received a gift from Okawaru
 14344 | Lair:5   | 14344 ||| INVOKING Heroism.
 14404 | Lair:5   | 14404 ||| READING scroll of enchant armour.
 14404 | Lair:5   | 14404 ||| ENCHANTING +0 helmet.
 14481 | Lair:5   | Found a transporter.
 14485 | Lair:5   | Noticed qw's ghost (journeyman GrHu)
 14493 | Lair:5   | 14493 ||| READING scroll of enchant armour.
 14493 | Lair:5   | 14493 ||| ENCHANTING +1 helmet.
 14504 | Lair:5   | 14504 ||| Stepping ~*~*~tactically~*~*~ (stealth).
 14506 | Lair:5   | 14506 ||| INVOKING Heroism.
 14524 | Lair:5   | 14524 ||| Stepping ~*~*~tactically~*~*~ (stealth).
 14606 | Lair:5   | Found a transporter.
 14720 | Lair:5   | 14720 ||| FLEEEEING.
 14726 | Lair:5   | 14726 ||| INVOKING Heroism.
 14729 | Lair:5   | Gained mutation: Your large and strong wings let you fly.
                  | [Gargoyle growth]
 14729 | Lair:5   | Reached XP level 14. HP: 88/88 MP: 18/21
 15322 | Lair:5   | 15322 ||| Stepping ~*~*~tactically~*~*~ (stealth).
 15324 | Lair:5   | 15324 ||| Stepping ~*~*~tactically~*~*~ (stealth).
 15361 | Lair:5   | 15361 ||| INVOKING Heroism.
 15564 | Lair:5   | 15564 ||| Stepping ~*~*~tactically~*~*~ (stealth).
 15579 | Lair:5   | 15579 ||| Stepping ~*~*~tactically~*~*~ (stealth).
 15580 | Lair:5   | 15580 ||| Stepping ~*~*~tactically~*~*~ (stealth).
 15612 | Lair:5   | 15612 ||| Stepping ~*~*~tactically~*~*~ (stealth).
 15615 | Lair:5   | 15615 ||| Stepping ~*~*~tactically~*~*~ (stealth).
 15634 | Lair:5   | Reached skill level 15 in Shields
 15673 | Lair:5   | 15673 ||| FLEEEEING.
 15706 | Lair:5   | 15706 ||| Stepping ~*~*~tactically~*~*~ (stealth).
 15735 | Lair:5   | Found a corrupted altar of Lugonu.
 15735 | Lair:5   | Found a one-way gate to the infinite horrors of the Abyss.
 15931 | Lair:5   | 15931 ||| PLANNING D:1-11
 15931 | Lair:5   | 15931 ||| UPGRADING to +2 plate armour of cold resistance.
 15941 | Lair:5   | 15941 ||| DROPPING +0 plate armour.
 15942 | Lair:5   | 15942 ||| READING 3 scrolls of identify.
 15942 | Lair:5   | 15942 ||| IDENTIFYING yellow potion
 16035 | D:11     | 16035 ||| PLANNING GAUNTLET
 16066 | D:11     | Reached skill level 3 in Throwing
 16176 | D:11     | Found a staircase to the Orcish Mines.
 16179 | D:11     | 16179 ||| Stepping ~*~*~tactically~*~*~ (stealth).
 16256 | D:11     | 16256 ||| Stepping ~*~*~tactically~*~*~ (hiding).
 16269 | D:11     | 16269 ||| Stepping ~*~*~tactically~*~*~ (hiding).
 16279 | D:11     | 16279 ||| Stepping ~*~*~tactically~*~*~ (hiding).
 16280 | D:11     | 16280 ||| Stepping ~*~*~tactically~*~*~ (stealth).
 16291 | D:11     | 16291 ||| Stepping ~*~*~tactically~*~*~ (stealth).
 16292 | D:11     | 16292 ||| Stepping ~*~*~tactically~*~*~ (stealth).
 16308 | D:11     | 16308 ||| Stepping ~*~*~tactically~*~*~ (stealth).
 16309 | D:11     | 16309 ||| Stepping ~*~*~tactically~*~*~ (stealth).
 16323 | D:11     | 16323 ||| Stepping ~*~*~tactically~*~*~ (stealth).
 16342 | D:11     | 16342 ||| INVOKING Heroism.
 16590 | D:11     | 16590 ||| RIP GAUNTLET
 16592 | D:11     | 16592 ||| PLANNING D:1-11
 16606 | D:11     | 16606 ||| Stepping ~*~*~tactically~*~*~ (stealth).
 16668 | D:11     | 16668 ||| Stepping ~*~*~tactically~*~*~ (hiding).
 16946 | D:11     | 16946 ||| INVOKING Heroism.
 16951 | D:11     | Received a gift from Okawaru
 17098 | D:11     | 17098 ||| Stepping ~*~*~tactically~*~*~ (stealth).
 17111 | D:11     | 17111 ||| INVOKING Heroism.
 17363 | D:11     | 17363 ||| Stepping ~*~*~tactically~*~*~ (hiding).
 17365 | D:11     | 17365 ||| Stepping ~*~*~tactically~*~*~ (hiding).
 17367 | D:11     | Noticed a frost giant
 17368 | D:11     | 17368 ||| INVOKING Heroism.
 17369 | D:11     | 17369 ||| INVOKING Finesse.
 17386 | D:11     | Killed a frost giant
 17422 | D:11     | Found the +7 sceptre of Torment {pain, torment}
 17430 | D:11     | Identified the +6 spear of Hugging Extermination {venom,
                  | Str+3}
 17433 | D:11     | Identified the +2 long sword of Triumph {antimagic, Str+3}
 17435 | D:11     | Identified the +2 long sword of the Living Dead {elec, rF+
                  | rN+++ rCorr Stlth-}
 17457 | D:11     | Identified the ring of Sloth {Ice rPois Will+++ MP-9 Dex+3}
 17548 | D:11     | 17548 ||| PLANNING D
 17548 | D:11     | 17548 ||| DROPPING ring of fire.
 17549 | D:11     | 17549 ||| UPGRADING to ring of Sloth {Ice rPois Will+++
                  | MP-9 Dex+3}.
 17675 | D:12     | 17675 ||| Stepping ~*~*~tactically~*~*~ (stealth).
 17676 | D:12     | 17676 ||| Stepping ~*~*~tactically~*~*~ (stealth).
 17681 | D:12     | 17681 ||| Stepping ~*~*~tactically~*~*~ (hiding).
 17690 | D:12     | 17690 ||| Stepping ~*~*~tactically~*~*~ (hiding).
 17738 | D:12     | Reached skill level 3 in Dodging
 17783 | D:12     | Found a runed translucent gate.
 17783 | D:12     | Found a runed translucent gate.
 17783 | D:12     | Found a runed translucent gate.
 17790 | D:12     | Noticed Xeikkuus's ghost (journeyman MiFi)
 17790 | D:12     | Identified the +5 plate armour of Baldness {rC+ Slay+3}
 17818 | D:12     | 17818 ||| Stepping ~*~*~tactically~*~*~ (stealth).
 17821 | D:12     | 17821 ||| INVOKING Heroism.
 17945 | D:12     | Identified the scarf of the Scribe {rC+ rF+, Harm Dex+5}
                  | (Okawaru gifted it to you on level 12 of the Dungeon)
 17945 | D:12     | Received a gift from Okawaru
 17946 | D:12     | Reached XP level 15. HP: 92/92 MP: 13/22
 17999 | D:12     | Identified the ring of Sivvea {rCorr Int+3}
 18004 | D:12     | Identified the staff of the Puffball {rElec Str+2 Air}
 19155 | D:13     | 19155 ||| Stepping ~*~*~tactically~*~*~ (hiding).
 19156 | D:13     | 19156 ||| Stepping ~*~*~tactically~*~*~ (hiding).
 19291 | D:13     | Noticed Josephine
 19292 | D:13     | 19292 ||| Stepping ~*~*~tactically~*~*~ (stealth).
 19306 | D:13     | Killed Josephine
 19320 | D:13     | 19320 ||| INVOKING Heroism.
 19526 | D:13     | Found a runed translucent gate.
 19527 | D:13     | Found a runed translucent gate.
 19527 | D:13     | Found a runed translucent gate.
 19592 | D:13     | 19592 ||| Stepping ~*~*~tactically~*~*~ (stealth).
 19770 | D:13     | 19770 ||| Stepping ~*~*~tactically~*~*~ (stealth).
 19779 | D:13     | 19779 ||| Stepping ~*~*~tactically~*~*~ (stealth).
 19781 | D:13     | 19781 ||| Stepping ~*~*~tactically~*~*~ (hiding).
 19786 | D:13     | 19786 ||| Stepping ~*~*~tactically~*~*~ (hiding).
 19787 | D:13     | 19787 ||| Stepping ~*~*~tactically~*~*~ (hiding).
 19913 | D:13     | 19913 ||| INVOKING Heroism.
 19914 | D:13     | 19914 ||| INVOKING Finesse.
 20019 | D:13     | 20019 ||| Stepping ~*~*~tactically~*~*~ (hiding).
 20142 | D:13     | Reached skill level 16 in Shields
 20229 | D:13     | Found an ancient bone altar of Kikubaaqudgha.
 20229 | D:13     | Noticed a lich
 20229 | D:13     | Noticed a lich
 20229 | D:13     | Noticed Iplucs's ghost (journeyman FeBe)
 20230 | D:13     | Noticed a lich
 20230 | D:13     | Noticed a lich
 20337 | D:13     | 20337 ||| READING scroll of enchant armour.
 20337 | D:13     | 20337 ||| ENCHANTING +0 cloak.
 20413 | D:13     | 20413 ||| DROPPING +2 chain mail of poison resistance.
 20414 | D:13     | 20414 ||| DRINKING 2 fizzy emerald potions.
 20450 | D:14     | 20450 ||| Stepping ~*~*~tactically~*~*~ (stealth).
 20459 | D:14     | 20459 ||| Stepping ~*~*~tactically~*~*~ (hiding).
 20461 | D:14     | 20461 ||| Stepping ~*~*~tactically~*~*~ (hiding).
 20616 | D:14     | 20616 ||| INVOKING Heroism.
 20617 | D:14     | 20617 ||| INVOKING Finesse.
 20621 | D:14     | 20621 ||| SWAPPING to +1 war axe of flaming.
 20624 | D:14     | 20624 ||| SWAPPING to +3 war axe of protection.
 20745 | D:14     | 20745 ||| Stepping ~*~*~tactically~*~*~ (hiding).
 20832 | D:14     | 20832 ||| READING scroll of enchant armour.
 20832 | D:14     | 20832 ||| ENCHANTING +1 cloak.
 20955 | D:14     | 20955 ||| INVOKING Heroism.
 20996 | D:14     | 20996 ||| SWAPPING to +0 broad axe.
 20997 | D:14     | 20997 ||| DROPPING +3 war axe of protection.
 20998 | D:14     | 20998 ||| READING scroll of enchant armour.
 20998 | D:14     | 20998 ||| ENCHANTING +2 plate armour of cold resistance.
 21137 | D:14     | Identified the +7 mace "Dulos" {flame, Str+4}
 21150 | D:14     | 21150 ||| INVOKING Heroism.
 21169 | D:14     | 21169 ||| INVOKING Heroism.
 21174 | D:14     | Reached skill level 6 in Throwing
 21370 | D:14     | 21370 ||| Stepping ~*~*~tactically~*~*~ (stealth).
 21372 | D:14     | 21372 ||| Stepping ~*~*~tactically~*~*~ (stealth).
 21374 | D:14     | 21374 ||| Stepping ~*~*~tactically~*~*~ (hiding).
 21390 | D:14     | 21390 ||| INVOKING Heroism.
 21444 | D:14     | Found a gate to the Vaults.
 21494 | D:14     | 21494 ||| Stepping ~*~*~tactically~*~*~ (hiding).
 21588 | D:14     | 21588 ||| Stepping ~*~*~tactically~*~*~ (hiding).
 21872 | D:14     | 21872 ||| DROPPING ring of wizardry.
 21907 | D:15     | Entered Level 15 of the Dungeon
 21916 | D:15     | Identified the +2 ring mail "Rawodiaq" {+Blink rF++ Will-}
 21979 | D:15     | 21979 ||| FLEEEEING.
 21980 | D:15     | 21980 ||| FLEEEEING.
 21981 | D:15     | 21981 ||| FLEEEEING.
 21985 | D:15     | 21985 ||| FLEEEEING.
 21986 | D:15     | 21986 ||| STAIRDANCE
 22070 | D:15     | 22070 ||| INVOKING Heroism.
 22082 | D:15     | Reached skill level 15 in Axes
 22097 | D:15     | Found a staircase to the Depths.
 22130 | D:15     | 22130 ||| SWAPPING to +1 war axe of flaming.
 22134 | D:15     | 22134 ||| SWAPPING to +0 broad axe.
 22146 | D:15     | 22146 ||| INVOKING Heroism.
 22179 | D:15     | Received a gift from Okawaru
 22208 | D:15     | 22208 ||| INVOKING Heroism.
 22457 | D:15     | Found Faodghud's General Store.
 22468 | D:15     | 22468 ||| BUYING potion of curing (39 gold).
 22468 | D:15     | Bought a potion of curing for 39 gold pieces
 22468 | D:15     | 22468 ||| BUYING potion of mutation (104 gold).
 22468 | D:15     | Bought a potion of mutation for 104 gold pieces
 22557 | D:15     | Identified the +1 shortbow "Zyneit" {drain, rPois rN+
                  | rCorr}
 22788 | D:15     | 22788 ||| PLANNING ORC
 22901 | Orc:1    | Entered Level 1 of the Orcish Mines
 22953 | Orc:1    | Found a bloodstained altar of Trog.
 22963 | Orc:1    | 22963 ||| INVOKING Heroism.
 23058 | Orc:1    | 23058 ||| Stepping ~*~*~tactically~*~*~ (stealth).
 23061 | Orc:1    | 23061 ||| Stepping ~*~*~tactically~*~*~ (hiding).
 23273 | Orc:2    | Entered Level 2 of the Orcish Mines
 23294 | Orc:2    | Reached XP level 16. HP: 101/101 MP: 14/23
 23321 | Orc:2    | Reached skill level 12 in Fighting
 23346 | Orc:2    | 23346 ||| Stepping ~*~*~tactically~*~*~ (stealth).
 23363 | Orc:2    | 23363 ||| Stepping ~*~*~tactically~*~*~ (stealth).
 23365 | Orc:2    | 23365 ||| Stepping ~*~*~tactically~*~*~ (stealth).
 23376 | Orc:2    | Received a gift from Okawaru
 23644 | Orc:1    | Found a runed translucent gate.
 23666 | Orc:1    | Found a runed translucent gate.
 23666 | Orc:1    | Found a runed translucent gate.
 23670 | Orc:1    | Noticed kazak's ghost (journeyman OpFE)
 23670 | Orc:1    | Noticed duckroller's ghost (journeyman HOMo)
 23670 | Orc:1    | Noticed sand's ghost (journeyman HOFi)
 23790 | Orc:1    | 23790 ||| Stepping randomly (stuck).
 23879 | Orc:2    | 23879 ||| INVOKING Heroism.
 23911 | Orc:2    | Found Geaqied's Distillery.
 23930 | Orc:2    | Identified the scarf "Liawaojeni" {shadows, Harm rElec
                  | Will+} (Okawaru gifted it to you on level 2 of the Orcish
                  | Mines)
 23930 | Orc:2    | Received a gift from Okawaru
 23958 | Orc:2    | 23958 ||| BUYING 2 potions of mutation (176 gold).
 23958 | Orc:2    | Bought 2 potions of mutation for 176 gold pieces
 23958 | Orc:2    | 23958 ||| BUYING potion of attraction (33 gold).
 23958 | Orc:2    | Bought a potion of attraction for 33 gold pieces
 23958 | Orc:2    | 23958 ||| BUYING potion of curing (33 gold).
 23958 | Orc:2    | Bought a potion of curing for 33 gold pieces
 23958 | Orc:2    | 23958 ||| BUYING potion of haste (110 gold).
 23958 | Orc:2    | Bought a potion of haste for 110 gold pieces
 23958 | Orc:2    | 23958 ||| BUYING potion of haste (110 gold).
 23958 | Orc:2    | Bought a potion of haste for 110 gold pieces
 23958 | Orc:2    | 23958 ||| BUYING potion of magic (88 gold).
 23958 | Orc:2    | Bought a potion of magic for 88 gold pieces
 23958 | Orc:2    | 23958 ||| BUYING potion of resistance (110 gold).
 23958 | Orc:2    | Bought a potion of resistance for 110 gold pieces
 23965 | Orc:2    | Found Iddomiwk's General Store.
 23966 | Orc:2    | 23966 ||| INVOKING Heroism.
 23987 | Orc:2    | 23987 ||| BUYING scroll of teleportation (42 gold).
 23987 | Orc:2    | Bought a scroll of teleportation for 42 gold pieces
 23987 | Orc:2    | 23987 ||| BUYING scroll of teleportation (42 gold).
 23987 | Orc:2    | Bought a scroll of teleportation for 42 gold pieces
 24157 | Orc:2    | 24157 ||| INVOKING Heroism.
 24390 | Orc:2    | 24390 ||| INVOKING Heroism.
 24419 | Orc:2    | 24419 ||| Stepping ~*~*~tactically~*~*~ (stealth).
 24420 | Orc:2    | 24420 ||| Stepping ~*~*~tactically~*~*~ (stealth).
 24431 | Orc:2    | 24431 ||| INVOKING Heroism.
 24458 | Orc:2    | 24458 ||| Stepping ~*~*~tactically~*~*~ (stealth).
 24471 | Orc:2    | 24471 ||| Stepping ~*~*~tactically~*~*~ (hiding).
 24502 | Orc:2    | 24502 ||| Stepping ~*~*~tactically~*~*~ (hiding).
 24614 | Orc:2    | 24614 ||| Stepping ~*~*~tactically~*~*~ (hiding).
 24615 | Orc:2    | 24615 ||| Stepping ~*~*~tactically~*~*~ (hiding).
 24620 | Orc:2    | 24620 ||| Stepping ~*~*~tactically~*~*~ (hiding).
 24645 | Orc:2    | 24645 ||| Stepping ~*~*~tactically~*~*~ (stealth).
 24655 | Orc:2    | 24655 ||| INVOKING Heroism.
 24739 | Orc:2    | 24739 ||| Stepping ~*~*~tactically~*~*~ (hiding).
 24740 | Orc:2    | 24740 ||| Stepping ~*~*~tactically~*~*~ (hiding).
 24749 | Orc:2    | 24749 ||| INVOKING Heroism.
 24762 | Orc:2    | HP: 22/98 [orc sorcerer/bolt of negative energy[an orc
                  | warlord] (14)]
 24763 | Orc:2    | 24763 ||| READING 4 scrolls of teleportation.
 24764 | Orc:2    | 24764 ||| DRINKING 3 potions of heal wounds.
 24768 | Orc:2    | 24768 ||| FLEEEEING.
 24769 | Orc:2    | Found Kenuagra's Weapon Emporium.
 25040 | Orc:2    | 25040 ||| Stepping ~*~*~tactically~*~*~ (hiding).
 25043 | Orc:2    | 25043 ||| Stepping ~*~*~tactically~*~*~ (hiding).
 25044 | Orc:2    | 25044 ||| INVOKING Heroism.
 25202 | Orc:2    | Found Hereimus's Book Shop.
 25204 | Orc:2    | 25204 ||| INVOKING Heroism.
 25471 | Orc:2    | 25471 ||| INVOKING Heroism.
 25502 | Orc:2    | Identified the +6 rapier of Ifiusiki {heavy, rCorr}
 25569 | Orc:2    | Found a staircase to the Elven Halls.
 25570 | Orc:2    | 25570 ||| Stepping ~*~*~tactically~*~*~ (stealth).
 25830 | Orc:2    | 25830 ||| PLANNING SNAKE:1-3
 25830 | Orc:2    | 25830 ||| DROPPING scarf "Liawaojeni" {shadows, Harm rElec
                  | Will+}.
 26032 | Snake:1  | Entered Level 1 of the Snake Pit
 26081 | Snake:1  | Reached skill level 17 in Shields
 26328 | Snake:1  | 26328 ||| Stepping ~*~*~tactically~*~*~ (hiding).
 26480 | Snake:1  | 26480 ||| Stepping ~*~*~tactically~*~*~ (hiding).
 26612 | Snake:1  | You are sucked into a shaft and drop 1 floor!
 26730 | Snake:2  | 26730 ||| Stepping ~*~*~tactically~*~*~ (hiding).
 26818 | Snake:2  | 26818 ||| DROPPING +1 heavy war axe.
 26866 | Snake:2  | 26866 ||| Stepping ~*~*~tactically~*~*~ (hiding).
 26867 | Snake:2  | 26867 ||| Stepping ~*~*~tactically~*~*~ (hiding).
 26941 | Snake:2  | 26941 ||| READING scroll labelled PUPTAF XUCWE.
 26965 | Snake:1  | Reached skill level 12 in Armour
 27022 | Snake:1  | 27022 ||| INVOKING Heroism.
 27071 | Snake:1  | 27071 ||| Stepping ~*~*~tactically~*~*~ (hiding).
 27082 | Snake:1  | 27082 ||| INVOKING Heroism.
 27554 | Snake:1  | 27554 ||| INVOKING Heroism.
 28080 | Snake:1  | 28080 ||| Stepping ~*~*~tactically~*~*~ (hiding).
 28191 | Snake:1  | 28191 ||| READING scroll of enchant weapon.
 28191 | Snake:1  | 28191 ||| ENCHANTING +0 broad axe.
 28245 | Snake:1  | 28245 ||| Stepping ~*~*~tactically~*~*~ (hiding).
 28798 | Snake:2  | Reached XP level 17. HP: 106/106 MP: 15/24
 29285 | Snake:3  | 29285 ||| Stepping ~*~*~tactically~*~*~ (hiding).
 29297 | Snake:3  | 29297 ||| Stepping ~*~*~tactically~*~*~ (hiding).
 29307 | Snake:3  | 29307 ||| Stepping ~*~*~tactically~*~*~ (hiding).
 29429 | Snake:3  | 29429 ||| Stepping ~*~*~tactically~*~*~ (hiding).
 29494 | Snake:3  | 29494 ||| Stepping ~*~*~tactically~*~*~ (hiding).
 29516 | Snake:3  | 29516 ||| INVOKING Heroism.
 29555 | Snake:3  | Received a gift from Okawaru
 29659 | Snake:3  | 29659 ||| Stepping ~*~*~tactically~*~*~ (stealth).
 29686 | Snake:3  | 29686 ||| Stepping ~*~*~tactically~*~*~ (stealth).
 29687 | Snake:3  | 29687 ||| Stepping ~*~*~tactically~*~*~ (stealth).
 29690 | Snake:3  | 29690 ||| Stepping ~*~*~tactically~*~*~ (stealth).
 29798 | Snake:3  | 29798 ||| Stepping ~*~*~tactically~*~*~ (hiding).
 29911 | Snake:3  | 29911 ||| Stepping ~*~*~tactically~*~*~ (hiding).
 29912 | Snake:3  | 29912 ||| Stepping ~*~*~tactically~*~*~ (hiding).
 29913 | Snake:3  | 29913 ||| Stepping ~*~*~tactically~*~*~ (hiding).
 29915 | Snake:3  | 29915 ||| Stepping ~*~*~tactically~*~*~ (hiding).
 29920 | Snake:3  | 29920 ||| INVOKING Heroism.
 30013 | Snake:3  | 30013 ||| INVOKING Heroism.
 30052 | Snake:3  | 30052 ||| Stepping ~*~*~tactically~*~*~ (hiding).
 30113 | Snake:3  | 30113 ||| INVOKING Heroism.
 30232 | Snake:3  | 30232 ||| FLEEEEING.
 30233 | Snake:3  | 30233 ||| FLEEEEING.
 30239 | Snake:3  | 30239 ||| FLEEEEING.
 30240 | Snake:3  | 30240 ||| FLEEEEING.
 30246 | Snake:3  | 30246 ||| FLEEEEING.
 30247 | Snake:3  | 30247 ||| FLEEEEING.
 30248 | Snake:3  | 30248 ||| STAIRDANCE
 30277 | Snake:2  | 30277 ||| UPGRADING to +0 pair of boots.
 30282 | Snake:2  | 30282 ||| DROPPING ring of positive energy.
 30414 | Snake:3  | 30414 ||| READING scroll of enchant weapon.
 30414 | Snake:3  | 30414 ||| ENCHANTING +1 broad axe.
 30465 | Snake:3  | Found Xuthreapa's Weapon Shoppe.
 30599 | Snake:4  | Entered Level 4 of the Snake Pit
 30666 | Snake:4  | 30666 ||| INVOKING Heroism.
 30699 | Snake:4  | 30699 ||| Stepping ~*~*~tactically~*~*~ (hiding).
 30707 | Snake:4  | 30707 ||| INVOKING Heroism.
 30713 | Snake:4  | HP: 27/108 [constriction (6)]
 30714 | Snake:4  | 30714 ||| READING 7 scrolls of teleportation.
 30715 | Snake:4  | 30715 ||| DRINKING 2 potions of heal wounds.
 30849 | Snake:4  | 30849 ||| Stepping ~*~*~tactically~*~*~ (stealth).
 30878 | Snake:4  | 30878 ||| Stepping ~*~*~tactically~*~*~ (stealth).
 30880 | Snake:4  | 30880 ||| Stepping ~*~*~tactically~*~*~ (hiding).
 30885 | Snake:4  | 30885 ||| INVOKING Heroism.
 30891 | Snake:4  | 30891 ||| Stepping ~*~*~tactically~*~*~ (hiding).
 31287 | Snake:4  | 31287 ||| INVOKING Heroism.
 31346 | Snake:4  | 31346 ||| FLEEEEING.
 31347 | Snake:4  | 31347 ||| STAIRDANCE
 31420 | Snake:4  | 31420 ||| INVOKING Heroism.
 31422 | Snake:4  | 31422 ||| Stepping ~*~*~tactically~*~*~ (hiding).
 31433 | Snake:4  | 31433 ||| Stepping ~*~*~tactically~*~*~ (stealth).
 31468 | Snake:4  | 31468 ||| Stepping ~*~*~tactically~*~*~ (hiding).
 31471 | Snake:4  | 31471 ||| Stepping ~*~*~tactically~*~*~ (hiding).
 31473 | Snake:4  | 31473 ||| INVOKING Heroism.
 31505 | Snake:4  | 31505 ||| Stepping ~*~*~tactically~*~*~ (hiding).
 31514 | Snake:4  | 31514 ||| Stepping ~*~*~tactically~*~*~ (hiding).
 31572 | Snake:4  | 31572 ||| INVOKING Heroism.
 31594 | Snake:4  | Received a gift from Okawaru
 31617 | Snake:4  | 31617 ||| Stepping ~*~*~tactically~*~*~ (stealth).
 31649 | Snake:4  | 31649 ||| INVOKING Heroism.
 31649 | Snake:4  | Noticed Louise
 31678 | Snake:4  | Killed Louise
 31703 | Snake:4  | 31703 ||| Stepping ~*~*~tactically~*~*~ (hiding).
 31704 | Snake:4  | 31704 ||| Stepping ~*~*~tactically~*~*~ (hiding).
 31705 | Snake:4  | 31705 ||| Stepping ~*~*~tactically~*~*~ (hiding).
 31709 | Snake:4  | 31709 ||| INVOKING Heroism.
 31763 | Snake:4  | Got a serpentine rune of Zot
 31809 | Snake:4  | 31809 ||| Stepping ~*~*~tactically~*~*~ (stealth).
 31812 | Snake:4  | 31812 ||| Stepping ~*~*~tactically~*~*~ (hiding).
 31813 | Snake:4  | 31813 ||| Stepping ~*~*~tactically~*~*~ (hiding).
 31853 | Snake:4  | 31853 ||| Stepping ~*~*~tactically~*~*~ (stealth).
 31855 | Snake:4  | 31855 ||| Stepping ~*~*~tactically~*~*~ (stealth).
 31879 | Snake:4  | 31879 ||| Stepping ~*~*~tactically~*~*~ (stealth).
 31886 | Snake:4  | 31886 ||| Stepping ~*~*~tactically~*~*~ (stealth).
 31887 | Snake:4  | 31887 ||| Stepping ~*~*~tactically~*~*~ (stealth).
 31897 | Snake:4  | 31897 ||| Stepping ~*~*~tactically~*~*~ (hiding).
 31899 | Snake:4  | 31899 ||| INVOKING Heroism.
 32006 | Snake:4  | 32006 ||| UPGRADING to +2 tower shield.
 32020 | Snake:4  | 32020 ||| DROPPING +0 tower shield.
 32031 | Snake:3  | 32031 ||| Stepping randomly (stuck).
 32032 | Snake:3  | 32032 ||| PLANNING SWAMP:1-3
 32086 | Snake:4  | 32086 ||| READING scroll of brand weapon.
 32086 | Snake:4  | 32086 ||| BRANDING +2 broad axe.
 32236 | Swamp:1  | Entered Level 1 of the Swamp
 32241 | Swamp:1  | Reached skill level 18 in Axes
 32246 | Swamp:1  | 32246 ||| INVOKING Heroism.
 32255 | Swamp:1  | Reached XP level 18. HP: 114/114 MP: 14/25
 32284 | Swamp:1  | 32284 ||| Stepping ~*~*~tactically~*~*~ (hiding).
 32286 | Swamp:1  | 32286 ||| Stepping ~*~*~tactically~*~*~ (hiding).
 32394 | Swamp:1  | 32394 ||| Stepping ~*~*~tactically~*~*~ (hiding).
 32660 | Swamp:1  | 32660 ||| INVOKING Heroism.
 32663 | Swamp:1  | 32663 ||| SWAPPING to +1 war axe of flaming.
 32670 | Swamp:1  | 32670 ||| SWAPPING to +2 broad axe of chaos.
 32865 | Swamp:1  | 32865 ||| Stepping ~*~*~tactically~*~*~ (stealth).
 32870 | Swamp:1  | 32870 ||| Stepping ~*~*~tactically~*~*~ (stealth).
 32889 | Swamp:1  | 32889 ||| Stepping ~*~*~tactically~*~*~ (hiding).
 32892 | Swamp:1  | 32892 ||| Stepping ~*~*~tactically~*~*~ (hiding).
 32894 | Swamp:1  | 32894 ||| INVOKING Heroism.
 33156 | Swamp:2  | 33156 ||| INVOKING Heroism.
 33158 | Swamp:2  | 33158 ||| SWAPPING to +1 war axe of flaming.
 33166 | Swamp:2  | 33166 ||| SWAPPING to +2 broad axe of chaos.
 33213 | Swamp:2  | 33213 ||| FLEEEEING.
 33214 | Swamp:2  | 33214 ||| FLEEEEING.
 33215 | Swamp:2  | 33215 ||| FLEEEEING.
 33216 | Swamp:2  | 33216 ||| FLEEEEING.
 33217 | Swamp:2  | 33217 ||| FLEEEEING.
 33218 | Swamp:2  | 33218 ||| FLEEEEING.
 33219 | Swamp:2  | 33219 ||| FLEEEEING.
 33220 | Swamp:2  | 33220 ||| INVOKING Heroism.
 33221 | Swamp:2  | 33221 ||| SWAPPING to +1 war axe of flaming.
 33229 | Swamp:2  | 33229 ||| SWAPPING to +2 broad axe of chaos.
 33405 | Swamp:2  | 33405 ||| INVOKING Heroism.
 33413 | Swamp:2  | 33413 ||| SWAPPING to +1 war axe of flaming.
 33419 | Swamp:2  | 33419 ||| SWAPPING to +2 broad axe of chaos.
 33435 | Swamp:2  | 33435 ||| INVOKING Heroism.
 33469 | Swamp:2  | 33469 ||| INVOKING Heroism.
 33475 | Swamp:2  | HP: 23/116 [bunyip (16)]
 33476 | Swamp:2  | 33476 ||| READING 10 scrolls of teleportation.
 33477 | Swamp:2  | 33477 ||| DRINKING potion of heal wounds.
 33609 | Swamp:2  | 33609 ||| FLEEEEING.
 33610 | Swamp:2  | 33610 ||| FLEEEEING.
 33611 | Swamp:2  | 33611 ||| STAIRDANCE
 33673 | Swamp:2  | Reached skill level 18 in Shields
 33698 | Swamp:2  | 33698 ||| INVOKING Heroism.
 33699 | Swamp:2  | 33699 ||| Stepping ~*~*~tactically~*~*~ (hiding).
 33705 | Swamp:2  | 33705 ||| SWAPPING to +1 war axe of flaming.
 33711 | Swamp:2  | 33711 ||| SWAPPING to +2 broad axe of chaos.
 33748 | Swamp:2  | 33748 ||| Stepping ~*~*~tactically~*~*~ (hiding).
 33750 | Swamp:2  | 33750 ||| INVOKING Heroism.
 34005 | Swamp:3  | 34005 ||| Stepping ~*~*~tactically~*~*~ (hiding).
 34006 | Swamp:3  | 34006 ||| INVOKING Heroism.
 34007 | Swamp:3  | 34007 ||| SWAPPING to +1 war axe of flaming.
 34013 | Swamp:3  | 34013 ||| SWAPPING to +2 broad axe of chaos.
 34029 | Swamp:3  | 34029 ||| Stepping ~*~*~tactically~*~*~ (hiding).
 34067 | Swamp:3  | 34067 ||| Stepping ~*~*~tactically~*~*~ (hiding).
 34085 | Swamp:3  | 34085 ||| READING scroll of enchant armour.
 34085 | Swamp:3  | 34085 ||| ENCHANTING +0 pair of boots.
 34268 | Swamp:3  | Received a gift from Okawaru
 34282 | Swamp:3  | 34282 ||| INVOKING Heroism.
 34388 | Swamp:3  | 34388 ||| PLANNING SNAKE:4
 34716 | Snake:4  | 34716 ||| Stepping ~*~*~tactically~*~*~ (hiding).
 34733 | Snake:4  | Noticed Bai Suzhen
 34734 | Snake:4  | 34734 ||| Stepping ~*~*~tactically~*~*~ (stealth).
 34735 | Snake:4  | 34735 ||| DROPPING +1 war axe of flaming.
 34737 | Snake:4  | 34737 ||| INVOKING Heroism.
 34748 | Snake:4  | Killed Bai Suzhen
 34897 | Snake:4  | Found Vichot's Armour Shop.
 35010 | Snake:4  | 35010 ||| PLANNING VAULTS:1-4
 35238 | Vaults:1 | Entered Level 1 of the Vaults
 35302 | Vaults:1 | 35302 ||| INVOKING Heroism.
 35576 | Vaults:1 | Found Ocio's Armour Emporium.
 35577 | Vaults:1 | 35577 ||| Stepping ~*~*~tactically~*~*~ (hiding).
 35578 | Vaults:1 | 35578 ||| INVOKING Heroism.
 35579 | Vaults:1 | 35579 ||| Stepping ~*~*~tactically~*~*~ (hiding).
 35580 | Vaults:1 | 35580 ||| Stepping ~*~*~tactically~*~*~ (hiding).
 35581 | Vaults:1 | 35581 ||| Stepping ~*~*~tactically~*~*~ (hiding).
 35582 | Vaults:1 | 35582 ||| Stepping ~*~*~tactically~*~*~ (hiding).
 35615 | Vaults:1 | 35615 ||| FLEEEEING.
 35616 | Vaults:1 | 35616 ||| FLEEEEING.
 35617 | Vaults:1 | 35617 ||| FLEEEEING.
 35618 | Vaults:1 | 35618 ||| FLEEEEING.
 35619 | Vaults:1 | 35619 ||| FLEEEEING.
 35620 | Vaults:1 | 35620 ||| FLEEEEING.
 35621 | Vaults:1 | 35621 ||| FLEEEEING.
 35622 | Vaults:1 | 35622 ||| FLEEEEING.
 35623 | Vaults:1 | 35623 ||| FLEEEEING.
 35624 | Vaults:1 | 35624 ||| FLEEEEING.
 35625 | Vaults:1 | 35625 ||| FLEEEEING.
 35626 | Vaults:1 | 35626 ||| FLEEEEING.
 35627 | Vaults:1 | 35627 ||| FLEEEEING.
 35628 | Vaults:1 | 35628 ||| FLEEEEING.
 35629 | Vaults:1 | 35629 ||| FLEEEEING.
 35630 | Vaults:1 | 35630 ||| FLEEEEING.
 35631 | Vaults:1 | 35631 ||| FLEEEEING.
 35632 | Vaults:1 | 35632 ||| FLEEEEING.
 35633 | Vaults:1 | 35633 ||| FLEEEEING.
 35638 | Vaults:1 | 35638 ||| FLEEEEING.
 35639 | Vaults:1 | 35639 ||| FLEEEEING.
 35640 | Vaults:1 | 35640 ||| FLEEEEING.
 35641 | Vaults:1 | 35641 ||| FLEEEEING.
 35642 | Vaults:1 | 35642 ||| FLEEEEING.
 35643 | Vaults:1 | 35643 ||| FLEEEEING.
 35644 | Vaults:1 | 35644 ||| FLEEEEING.
 35645 | Vaults:1 | 35645 ||| FLEEEEING.
 35646 | Vaults:1 | 35646 ||| FLEEEEING.
 35647 | Vaults:1 | 35647 ||| FLEEEEING.
 35648 | Vaults:1 | 35648 ||| FLEEEEING.
 35649 | Vaults:1 | 35649 ||| FLEEEEING.
 35650 | Vaults:1 | 35650 ||| FLEEEEING.
 35651 | Vaults:1 | 35651 ||| FLEEEEING.
 35653 | Vaults:1 | 35653 ||| FLEEEEING.
 35654 | Vaults:1 | 35654 ||| FLEEEEING.
 35655 | Vaults:1 | 35655 ||| FLEEEEING.
 35656 | Vaults:1 | 35656 ||| FLEEEEING.
 35657 | Vaults:1 | 35657 ||| FLEEEEING.
 35658 | Vaults:1 | 35658 ||| FLEEEEING.
 35659 | Vaults:1 | 35659 ||| FLEEEEING.
 35660 | Vaults:1 | 35660 ||| FLEEEEING.
 35661 | Vaults:1 | 35661 ||| FLEEEEING.
 35662 | Vaults:1 | 35662 ||| FLEEEEING.
 35663 | Vaults:1 | 35663 ||| FLEEEEING.
 35664 | Vaults:1 | 35664 ||| FLEEEEING.
 35665 | Vaults:1 | 35665 ||| FLEEEEING.
 35666 | Vaults:1 | 35666 ||| FLEEEEING.
 35667 | Vaults:1 | 35667 ||| FLEEEEING.
 35668 | Vaults:1 | 35668 ||| FLEEEEING.
 35669 | Vaults:1 | 35669 ||| FLEEEEING.
 35670 | Vaults:1 | 35670 ||| FLEEEEING.
 35671 | Vaults:1 | 35671 ||| FLEEEEING.
 35672 | Vaults:1 | 35672 ||| FLEEEEING.
 35673 | Vaults:1 | 35673 ||| FLEEEEING.
 35674 | Vaults:1 | 35674 ||| FLEEEEING.
 35675 | Vaults:1 | 35675 ||| FLEEEEING.
 35676 | Vaults:1 | 35676 ||| FLEEEEING.
 35677 | Vaults:1 | 35677 ||| FLEEEEING.
 35678 | Vaults:1 | 35678 ||| FLEEEEING.
 35679 | Vaults:1 | 35679 ||| FLEEEEING.
 35680 | Vaults:1 | 35680 ||| FLEEEEING.
 35681 | Vaults:1 | 35681 ||| FLEEEEING.
 35682 | Vaults:1 | 35682 ||| FLEEEEING.
 35683 | Vaults:1 | 35683 ||| FLEEEEING.
 35684 | Vaults:1 | 35684 ||| FLEEEEING.
 35685 | Vaults:1 | 35685 ||| FLEEEEING.
 35686 | Vaults:1 | 35686 ||| FLEEEEING.
 35687 | Vaults:1 | 35687 ||| FLEEEEING.
 35688 | Vaults:1 | 35688 ||| FLEEEEING.
 35874 | Vaults:1 | Found Kiuqei Qaas's General Store.
 35875 | Vaults:1 | 35875 ||| Stepping ~*~*~tactically~*~*~ (hiding).
 35939 | Vaults:1 | 35939 ||| BUYING potion of haste (170 gold).
 35939 | Vaults:1 | Bought a potion of haste for 170 gold pieces
 35976 | Vaults:1 | Reached skill level 15 in Fighting
 35976 | Vaults:1 | Received a gift from Okawaru
 35988 | Vaults:1 | 35988 ||| INVOKING Heroism.
 36135 | Vaults:1 | Found a runed translucent door.
 36159 | Vaults:1 | 36159 ||| READING scroll of enchant weapon.
 36159 | Vaults:1 | 36159 ||| ENCHANTING +2 broad axe of chaos.
 36193 | Vaults:1 | 36193 ||| BUYING +0 scale mail "Elep" {rElec rCorr Int+2
                  | Dex+3} (750 gold).
 36193 | Vaults:1 | Bought the +0 scale mail "Elep" {rElec rCorr Int+2 Dex+3}
                  | for 750 gold pieces
 36193 | Vaults:1 | 36193 ||| BUYING +1 pair of gloves of Ujeujoes {rF+ Str+2}
                  | (609 gold).
 36193 | Vaults:1 | Bought the +1 pair of gloves of Ujeujoes {rF+ Str+2} for
                  | 609 gold pieces
 36205 | Vaults:1 | 36205 ||| INVOKING Heroism.
 36251 | Vaults:1 | 36251 ||| Stepping ~*~*~tactically~*~*~ (hiding).
 36258 | Vaults:1 | Received a gift from Okawaru
 36276 | Vaults:1 | 36276 ||| INVOKING Heroism.
 36507 | Vaults:1 | 36507 ||| Stepping ~*~*~tactically~*~*~ (stealth).
 36508 | Vaults:1 | 36508 ||| Stepping ~*~*~tactically~*~*~ (stealth).
 36567 | Vaults:1 | 36567 ||| INVOKING Heroism.
 36675 | Vaults:1 | Received a gift from Okawaru
 36676 | Vaults:1 | Reached skill level 15 in Armour
 36676 | Vaults:1 | Reached XP level 19. HP: 124/124 MP: 17/26
 36714 | Vaults:1 | 36714 ||| Stepping ~*~*~tactically~*~*~ (hiding).
 36725 | Vaults:1 | 36725 ||| INVOKING Heroism.
 36880 | Vaults:1 | 36880 ||| Stepping ~*~*~tactically~*~*~ (stealth).
 37056 | Vaults:1 | Noticed qw's ghost (adept GrFi)
 37058 | Vaults:1 | 37058 ||| DROPPING +0 acid dragon scales.
 37059 | Vaults:1 | 37059 ||| UPGRADING to +2 plate armour of fire resistance.
 37069 | Vaults:1 | 37069 ||| UPGRADING to +1 pair of gloves of Ujeujoes {rF+
                  | Str+2}.
 37079 | Vaults:1 | 37079 ||| DROPPING +2 pair of gloves.
 37154 | Vaults:2 | 37154 ||| Stepping ~*~*~tactically~*~*~ (hiding).
 37155 | Vaults:2 | 37155 ||| Stepping ~*~*~tactically~*~*~ (hiding).
 37159 | Vaults:2 | 37159 ||| Stepping ~*~*~tactically~*~*~ (hiding).
 37236 | Vaults:2 | 37236 ||| Stepping ~*~*~tactically~*~*~ (hiding).
 37238 | Vaults:2 | 37238 ||| Stepping ~*~*~tactically~*~*~ (hiding).
 37239 | Vaults:2 | 37239 ||| Stepping ~*~*~tactically~*~*~ (hiding).
 37252 | Vaults:2 | Found Hefronos's Distillery.
 37263 | Vaults:2 | 37263 ||| BUYING potion of attraction (45 gold).
 37263 | Vaults:2 | Bought a potion of attraction for 45 gold pieces
 37263 | Vaults:2 | 37263 ||| BUYING potion of curing (45 gold).
 37263 | Vaults:2 | Bought a potion of curing for 45 gold pieces
 37263 | Vaults:2 | 37263 ||| BUYING potion of heal wounds (75 gold).
 37263 | Vaults:2 | Bought a potion of heal wounds for 75 gold pieces
 37263 | Vaults:2 | 37263 ||| BUYING potion of heal wounds (75 gold).
 37263 | Vaults:2 | Bought a potion of heal wounds for 75 gold pieces
 37263 | Vaults:2 | 37263 ||| BUYING potion of might (60 gold).
 37263 | Vaults:2 | Bought a potion of might for 60 gold pieces
 37308 | Vaults:2 | 37308 ||| INVOKING Heroism.
 37452 | Vaults:2 | 37452 ||| Stepping ~*~*~tactically~*~*~ (hiding).
 37460 | Vaults:2 | 37460 ||| Stepping ~*~*~tactically~*~*~ (stealth).
 37463 | Vaults:2 | 37463 ||| Stepping ~*~*~tactically~*~*~ (hiding).
 37471 | Vaults:2 | 37471 ||| INVOKING Heroism.
 37855 | Vaults:2 | 37855 ||| INVOKING Heroism.
 38044 | Vaults:2 | 38044 ||| INVOKING Heroism.
 38132 | Vaults:2 | 38132 ||| Stepping ~*~*~tactically~*~*~ (hiding).
 38134 | Vaults:2 | 38134 ||| Stepping ~*~*~tactically~*~*~ (hiding).
 38135 | Vaults:2 | 38135 ||| Stepping ~*~*~tactically~*~*~ (hiding).
 38136 | Vaults:2 | 38136 ||| Stepping ~*~*~tactically~*~*~ (hiding).
 38279 | Vaults:2 | Reached skill level 9 in Throwing
 38393 | Vaults:2 | Found a runed translucent gate.
 38393 | Vaults:2 | Found a runed translucent gate.
 38393 | Vaults:2 | Found a runed translucent gate.
 38393 | Vaults:2 | Noticed qw's ghost (adept GrFi)
 39065 | Vaults:3 | 39065 ||| STAIRDANCE
 39196 | Vaults:3 | Noticed Jory
 39197 | Vaults:3 | 39197 ||| INVOKING Heroism.
 39198 | Vaults:3 | 39198 ||| INVOKING Finesse.
 39217 | Vaults:3 | Killed Jory
 39217 | Vaults:3 | Received a gift from Okawaru
 39302 | Vaults:3 | You are sucked into a shaft and drop 1 floor!
 39313 | Vaults:4 | 39313 ||| Stepping ~*~*~tactically~*~*~ (stealth).
 39336 | Vaults:4 | 39336 ||| INVOKING Heroism.
 39337 | Vaults:4 | Reached skill level 19 in Shields
 39341 | Vaults:4 | Received a gift from Okawaru
 39501 | Vaults:4 | 39501 ||| UPGRADING to +6 ring of strength.
 39503 | Vaults:4 | 39503 ||| DROPPING +6 ring of dexterity.
 39504 | Vaults:4 | 39504 ||| DROPPING ring of see invisible.
 39597 | Vaults:3 | Noticed Zenata
 39598 | Vaults:3 | 39598 ||| Stepping ~*~*~tactically~*~*~ (hiding).
 39600 | Vaults:3 | 39600 ||| Stepping ~*~*~tactically~*~*~ (hiding).
 39601 | Vaults:3 | 39601 ||| Stepping ~*~*~tactically~*~*~ (hiding).
 39602 | Vaults:3 | 39602 ||| Stepping ~*~*~tactically~*~*~ (hiding).
 39606 | Vaults:3 | 39606 ||| INVOKING Heroism.
 39619 | Vaults:3 | Killed Zenata
 39717 | Vaults:3 | 39717 ||| Stepping ~*~*~tactically~*~*~ (hiding).
 39755 | Vaults:3 | 39755 ||| INVOKING Heroism.
 39758 | Vaults:3 | Received a gift from Okawaru
 39926 | Vaults:3 | 39926 ||| INVOKING Heroism.
 40160 | Vaults:3 | 40160 ||| Stepping ~*~*~tactically~*~*~ (hiding).
 40171 | Vaults:3 | Received a gift from Okawaru
 40186 | Vaults:3 | 40186 ||| Stepping ~*~*~tactically~*~*~ (stealth).
 40188 | Vaults:3 | Noticed Asterion
 40189 | Vaults:3 | 40189 ||| Stepping ~*~*~tactically~*~*~ (hiding).
 40191 | Vaults:3 | 40191 ||| INVOKING Heroism.
 40216 | Vaults:3 | Killed Asterion
 40398 | Vaults:3 | 40398 ||| INVOKING Heroism.
 40401 | Vaults:3 | Received a gift from Okawaru
 40479 | Vaults:3 | 40479 ||| Stepping ~*~*~tactically~*~*~ (hiding).
 40498 | Vaults:3 | Reached skill level 6 in Dodging
 40519 | Vaults:3 | 40519 ||| Stepping ~*~*~tactically~*~*~ (stealth).
 40540 | Vaults:3 | Reached XP level 20. HP: 130/132 MP: 18/27
 40609 | Vaults:3 | Noticed Boris
 40610 | Vaults:3 | 40610 ||| INVOKING Heroism.
 40620 | Vaults:3 | Killed Boris
 40718 | Vaults:3 | 40718 ||| Stepping ~*~*~tactically~*~*~ (hiding).
 40720 | Vaults:3 | 40720 ||| Stepping ~*~*~tactically~*~*~ (hiding).
 40722 | Vaults:3 | 40722 ||| Stepping ~*~*~tactically~*~*~ (hiding).
 40723 | Vaults:3 | 40723 ||| Stepping ~*~*~tactically~*~*~ (hiding).
 40731 | Vaults:3 | 40731 ||| Stepping ~*~*~tactically~*~*~ (hiding).
 40733 | Vaults:3 | 40733 ||| Stepping ~*~*~tactically~*~*~ (hiding).
 40738 | Vaults:3 | Received a gift from Okawaru
 40979 | Vaults:3 | Received a gift from Okawaru
 41012 | Vaults:3 | 41012 ||| INVOKING Heroism.
 41195 | Vaults:3 | Found Ikheloykk's General Store.
 41202 | Vaults:3 | 41202 ||| BUYING scroll of teleportation (60 gold).
 41202 | Vaults:3 | Bought a scroll of teleportation for 60 gold pieces
 41267 | Vaults:3 | Found a staircase to the Crypt.
 41545 | Vaults:4 | Received a gift from Okawaru
 41731 | Vaults:4 | 41731 ||| Stepping ~*~*~tactically~*~*~ (hiding).
 41932 | Vaults:4 | 41932 ||| INVOKING Heroism.
 41942 | Vaults:4 | Received a gift from Okawaru
 42018 | Vaults:4 | 42018 ||| INVOKING Heroism.
 42183 | Vaults:4 | 42183 ||| Stepping ~*~*~tactically~*~*~ (hiding).
 42184 | Vaults:4 | 42184 ||| Stepping ~*~*~tactically~*~*~ (hiding).
 42187 | Vaults:4 | 42187 ||| Stepping ~*~*~tactically~*~*~ (hiding).
 42272 | Vaults:4 | Received a gift from Okawaru
 42444 | Vaults:4 | 42444 ||| INVOKING Heroism.
 42565 | Vaults:4 | 42565 ||| Stepping ~*~*~tactically~*~*~ (hiding).
 42567 | Vaults:4 | 42567 ||| Stepping ~*~*~tactically~*~*~ (hiding).
 42578 | Vaults:4 | 42578 ||| Stepping ~*~*~tactically~*~*~ (hiding).
 42656 | Vaults:4 | 42656 ||| INVOKING Heroism.
 42665 | Vaults:4 | Received a gift from Okawaru
 42723 | Vaults:4 | 42723 ||| PLANNING SWAMP:4
 42723 | Vaults:4 | 42723 ||| DROPPING +1 hat.
 43133 | Swamp:4  | Entered Level 4 of the Swamp
 43236 | Swamp:4  | 43236 ||| Stepping ~*~*~tactically~*~*~ (stealth).
 43316 | Swamp:4  | 43316 ||| DRINKING potion of experience.
 43316 | Swamp:4  | Reached XP level 21. HP: 140/140 MP: 19/28
 43338 | Swamp:4  | Reached skill level 18 in Fighting
 43343 | Swamp:4  | 43343 ||| INVOKING Heroism.
 43350 | Swamp:4  | HP: 34/141 [alligator (15)]
 43351 | Swamp:4  | 43351 ||| READING 12 scrolls of teleportation.
 43352 | Swamp:4  | 43352 ||| DRINKING 3 potions of heal wounds.
 43358 | Swamp:4  | 43358 ||| FLEEEEING.
 43359 | Swamp:4  | 43359 ||| FLEEEEING.
 43360 | Swamp:4  | 43360 ||| FLEEEEING.
 43366 | Swamp:4  | 43366 ||| Stepping ~*~*~tactically~*~*~ (stealth).
 43368 | Swamp:4  | 43368 ||| Stepping ~*~*~tactically~*~*~ (hiding).
 43559 | Swamp:4  | Noticed Aizul
 43562 | Swamp:4  | 43562 ||| Stepping ~*~*~tactically~*~*~ (hiding).
 43576 | Swamp:4  | Killed Aizul
 43644 | Swamp:4  | 43644 ||| Stepping ~*~*~tactically~*~*~ (stealth).
 43776 | Swamp:4  | 43776 ||| Stepping ~*~*~tactically~*~*~ (hiding).
 43779 | Swamp:4  | 43779 ||| Stepping ~*~*~tactically~*~*~ (hiding).
 43798 | Swamp:4  | 43798 ||| INVOKING Heroism.
 43799 | Swamp:4  | Noticed the 27-headed Lernaean hydra
 43805 | Swamp:4  | Noticed Mara
 43810 | Swamp:4  | HP: 32/141 [the 26-headed Lernaean hydra (8)]
 43811 | Swamp:4  | 43811 ||| READING 11 scrolls of teleportation.
 43811 | Swamp:4  | HP: 14/141 [13-headed hydra (6)]
 43811 | Swamp:4  | HP: 5/141 [13-headed hydra (9)]
 43811 | Swamp:4  | Slain by a 13-headed hydra

Levels and vault maps discovered:
D:1:      wander_arrival_estate, layout_rooms, minmay_hexomino_u4
D:2:      layout_basic
D:3:      layout_loops_cross, chequers_temple_overflow_minitemple,
          nicolae_hexahallways
D:4:      minmay_door_path, layout_loops_corners, st_stairs_4, uniq_natasha
D:5:      layout_gridville, uniq_crazy_yiuf_cottage, uniq_grinder
D:6:      cheibrodos_quashed, layout_rooms, mainiacjoe_overflow_large_starburst,
          gup_sewer_entry_spiral, st_stairs_8, lightli_minifort
D:7:      layout_basic, mainiacjoe_overflow_catwalk,
          minmay_temple_entry_enclosed_plants, serial_demonic, serial_demonic_e,
          serial_demonic_e, serial_demonic_f, serial_demonic_d,
          minmay_starry_boxes
D:8:      layout_rooms, uniq_pikel
D:9:      layout_roguey [special_room_orc], gammafunk_ghost_ooze,
          grunt_ministairs_1
D:10:     layout_roguey, general_overflow_altar, mainiacjoe_overflow_brackets,
          grunt_lair_entry_orc_guard_hut, ebering_ghost_rock_garden
D:11:     giant_chief_lemuel, layout_basic, orc_0_dummy, gauntlet_entry_generic
D:12:     layout_roguey, biasface_ghost_orc_armoury, laboratory
D:13:     layout_basic, gammafunk_ghost_crypt, minmay_misc_feat_rows,
          hangedman_weighted_door, nicolae_the_louvre, uniq_josephine
D:14:     layout_basic, david_vaults_2, minmay_misc_feat_alley,
          hex_intersection, eino_jars
D:15:     gammafunk_enter_depths_forms, layout_rooms, serial_shops, shop,
          serial_ice, serial_ice_o, serial_ice_k, serial_ice_n, serial_ice_h,
          serial_ice_f, chequers_hall_statues_corner_a
Lair:1:   beast_lair_carwin_large_4, layout_hall_layers
Lair:2:   layout_hall_layers, palyth_hydra_swamp_entry,
          nicolae_snake_entry_squirm, uniq_sonja, uniq_fannar
Lair:3:   layout_regular_city, gammafunk_ghost_wrathful_warriors,
          infiniplex_staircase_pool, lemuel_fruit_fields, uniq_rupert
Lair:4:   layout_layer_cave, nicolae_slime_entry_slimehenge,
          nicolae_volcano_entry_lava_flow
Lair:5:   hellmonk_lair_end_abyssal_woods, layout_cave_pods,
          gammafunk_ghost_arena
Swamp:1:  layout_basic_swamp, serial_swamp_ruin, evilmike_swamp_ruin_rubble_1,
          evilmike_swamp_ruin_house_3, evilmike_swamp_ruin_house_1, swamp_pool4
Swamp:2:  layout_basic_swamp, hangedman_swamp_ruin_wall
Swamp:3:  layout_falls_marsh, hangedman_swamp_ruin_hall
Swamp:4:  swamp_old_school, layout_basic_swamp, uniq_mara, uniq_aizul
Snake:1:  layout_chambers, portal_ice_cave_entry_frozen_things,
          nicolae_snake_biting_tails, fake_guardian_serpent_vault
Snake:2:  layout_onion_interference, lemuel_fruit_tree, nicolae_integral_box
Snake:3:  layout_misc_corridors, nicolae_take_the_stairs, serial_bayou_ford_a,
          grunt_ministairs_7
Snake:4:  grunt_snake_rune_serpentine_throne, layout_gridlike, serial_shops,
          nicolae_shop_window_shopping, nrook_loot_triangle, uniq_bai_suzhen,
          uniq_louise
Orc:1:    layout_diamond_mine, gammafunk_ghost_cemetery, basic_altar
Orc:2:    pubby_orc_utopia, serial_shops
Vaults:1: ebering_ghost_reflecting_pool, ontoclasm_vaults_eye,
          nicolae_vaults_tangram_1, v_pattern_1, vaults_dpeg_diagonal,
          nicolae_vaults_taking_the_gang_shopping, nicolae_vaults_network_s,
          nicolae_vaults_diamond_1, layout_vaults_quadrants, serial_shops, shop
Vaults:2: gammafunk_ghost_split, nicolae_vaults_door_testing_chamber, v_rooms_4,
          nicolae_vaults_wine_cellar, v_alt_pattern_3, nicolae_vaults_house_2,
          hangedman_vaults_corner_blocks, v_misc_4, layout_vaults_maze_bifur,
          serial_shops, shop
Vaults:3: v_alt_pattern_5, minmay_crypt_entry_vampire_xt,
          nicolae_vaults_cornered_office, v_rooms_2,
          nicolae_vaults_storage_room_doors, ontoclasm_vaults_bender,
          vaults_room_door_ring, nicolae_vaults_meiosis, hangedman_vaults_hat,
          ontoclasm_vaults_gateway, nicolae_vaults_antechamber_and_loot_room,
          layout_vaults_ring, serial_shops, nicolae_shop_stone, uniq_asterion,
          uniq_zenata, uniq_jory, uniq_boris
Vaults:4: st_spiral_rooms, grunt_vaults_swirl, nicolae_vaults_diamond_1,
          nicolae_vaults_house_2, nicolae_vaults_tetromino_Z_2,
          nicolae_vaults_six-pack, vaults_room_door_ring, v_alt_pattern_3,
          layout_vaults_big_room

Skill      XL: |  1  2  3  4  5  6  7  8  9 10 11 12 13 14 15 16 17 18 19 20 21 |
---------------+----------------------------------------------------------------+-----
Axes           | 2 3 4 5 6 7 8 9 10 11 12 14 15 16 18 | 18.0
Dodging        | 1 2 3 4 6 |  6.0
Fighting       | 4 5 6 7 8 10 11 12 13 15 16 17 18 | 18.0
Throwing       | 1 2 5 6 7 8 9 10 | 10.0
Armour         | 4 6 8 9 10 11 12 13 15 16 17 | 17.0
Shields        | 9 12 13 14 15 16 17 18 19 | 19.7
Invocations    | 4 8 10 | 10.0

Action                     |  1- 3 |  4- 6 |  7- 9 | 10-12 | 13-15 | 16-18 | 19-21 || total
---------------------------+-------+-------+-------+-------+-------+-------+-------++-------
  Melee: War axe           |   119 |   107 |   200 |   462 |   862 |    35 |       ||  1785
         Broad axe         |       |       |       |       |   237 |  1538 |   779 ||  2554
  Throw: Boomerang         |       |    10 |    84 |   116 |   140 |    65 |     5 ||   420
         Javelin           |       |       |       |       |   105 |   108 |    68 ||   281
 Invoke: Heroism           |       |       |     4 |    26 |    27 |    46 |    20 ||   123
         Finesse           |       |       |       |     1 |     3 |       |     1 ||     5
    Use: Scroll            |     5 |     5 |     7 |     7 |     8 |     9 |     2 ||    43
         Potion            |     1 |     2 |     2 |     4 |     1 |     3 |     2 ||    15
   Stab: Confused          |       |       |       |       |       |     5 |     6 ||    11
         Petrifying        |       |       |       |       |       |     1 |       ||     1
         Paralysed         |       |       |       |       |       |     1 |       ||     1
 Armour: Scale mail        |    43 |    48 |    14 |       |       |       |       ||   105
         Chain mail        |       |       |    55 |     4 |       |       |       ||    59
         Plate armour      |       |       |       |   142 |   349 |   509 |   380 ||  1380
  Dodge: Dodged            |    44 |    33 |    59 |    67 |   122 |   263 |   198 ||   786
  Block: Buckler           |    24 |    35 |    40 |       |       |       |       ||    99
         Reflection        |       |     1 |     5 |     9 |    48 |   131 |    91 ||   285
         Tower shield      |       |       |    78 |   476 |  1035 |  1671 |   803 ||  4063

Table legend:
 A = Non-vault XP
 B = Vault XP
 C = Vault XP percentage of total XP
 D = Non-vault monster count
 E = Vault monster count
 F = Vault count percentage of total count
                 A         B        C        D         E       F
            +---------+---------+-------+---------+---------+-------
      Total |  277133 |  195000 |  41.3 |     797 |     557 |  41.1
            +---------+---------+-------+---------+---------+-------
        D:1 |      40 |       8 |  16.7 |      21 |       3 |  12.5
        D:2 |      70 |       0 |   0.0 |      18 |       0 |   0.0
        D:3 |      68 |       0 |   0.0 |      16 |       0 |   0.0
        D:4 |     139 |      62 |  30.8 |      17 |       7 |  29.2
        D:5 |     515 |     281 |  35.3 |      23 |       1 |   4.2
        D:6 |     680 |     241 |  26.2 |      11 |      11 |  50.0
        D:7 |    1410 |     378 |  21.1 |      25 |      11 |  30.6
        D:8 |    1546 |     663 |  30.0 |      15 |       1 |   6.2
        D:9 |    2483 |    1527 |  38.1 |      33 |      29 |  46.8
       D:10 |    3320 |     486 |  12.8 |      16 |       4 |  20.0
       D:11 |    6594 |   11893 |  64.3 |      33 |      28 |  45.9
       D:12 |    4708 |    2908 |  38.2 |      25 |      13 |  34.2
       D:13 |    7777 |    3392 |  30.4 |      24 |       9 |  27.3
       D:14 |   10764 |    2540 |  19.1 |      24 |       8 |  25.0
       D:15 |    6126 |    6591 |  51.8 |      10 |      21 |  67.7
     Lair:1 |    4667 |    3334 |  41.7 |      19 |      15 |  44.1
     Lair:2 |    6409 |    4254 |  39.9 |      26 |      11 |  29.7
     Lair:3 |    3600 |    1825 |  33.6 |      16 |       1 |   5.9
     Lair:4 |    6036 |      46 |   0.8 |      21 |       4 |  16.0
     Lair:5 |    7253 |   11322 |  61.0 |      22 |      37 |  62.7
    Swamp:1 |    8035 |       0 |   0.0 |      19 |       0 |   0.0
    Swamp:2 |   17239 |       0 |   0.0 |      36 |       0 |   0.0
    Swamp:3 |    8930 |       0 |   0.0 |      20 |       0 |   0.0
    Swamp:4 |    9201 |    5087 |  35.6 |      17 |       9 |  34.6
    Snake:1 |   18769 |    1519 |   7.5 |      40 |       4 |   9.1
    Snake:2 |    6333 |       0 |   0.0 |      13 |       0 |   0.0
    Snake:3 |   22270 |    1262 |   5.4 |      48 |       2 |   4.0
    Snake:4 |   14145 |   26008 |  64.8 |      32 |      34 |  51.5
      Orc:1 |    1965 |       0 |   0.0 |      21 |       0 |   0.0
      Orc:2 |       0 |   27911 | 100.0 |       0 |     158 | 100.0
   Vaults:1 |   24809 |   14602 |  37.1 |      37 |      18 |  32.7
   Vaults:2 |   20469 |   19113 |  48.3 |      31 |      26 |  45.6
   Vaults:3 |   22120 |   37099 |  62.6 |      29 |      46 |  61.3
   Vaults:4 |   28643 |   10446 |  26.7 |      39 |      13 |  25.0
      Sewer |       0 |     202 | 100.0 |       0 |      33 | 100.0
            +---------+---------+-------+---------+---------+-------
